 Dungeon Crawl Stone Soup version 0.32-a0-898-g7811c86cf0 (webtiles) character file.

Game seed: 9012764450468578389

7050733 packetloss the Imperceptible (level 27, 185/185 HPs)
             Began as an Octopode Conjurer on July 25, 2023.
             Was an Initiate of Gozag.
             Escaped with the Orb
             ... and 10 runes on Apr 4, 2024!
             The game lasted 11:43:41 (110322 turns).

packetloss the Imperceptible (Octopode Conjurer)  Turns: 110322, Time: 11:43:41

Health: 185/185    AC: 49    Str: 19    XL:     27
Magic:  51/51      EV: 25    Int: 34    God:    Gozag
Gold:   4388       SH: 26    Dex: 14    Spells: 2/65 levels left

rFire   + + +        a - +2 Maxwell's thermic engine {flame, freeze, rev}
rCold   . . .        o - +6 tower shield {AC+3}
rNeg    + + .        j - +1 hat of Veilu {rC+ Str+3}
rPois   ∞            h - amulet of Vitality {Regen++ RegenMP++}
rElec   +            H - ring of the Mage {Wiz Archmagi}
rCorr   .            g - ring of the Wereyak {rF+ rN+ EV+5 Str+3}
SInv    +            x - ring of Vyal {Fire rElec Will+ Int+2}
Will    +++++        L - ring "Xupaij" {^Drain Will++ Str+6 Int+2}
Stlth   ++++         J - ring "Mulytt" {rElec MP+9 Int+6 Dex-4 SInv}
HPRegen 2.10/turn    l - ring of Yredelemnul's Wrath {rF++ AC+4 Slay+3}
MPRegen 1.12/turn    e - ring of the Tempest {+Blink rElec rF+ Will+ AC+4}
                     V - ring of ice

%: wizardry (x1), archmagi
@: statue-form, studying 2 skills, very slow
A: slow and powerful, torment resistance 1, boosted hp, almost no armour,
amphibious, 8 rings, camouflage 1, (gelatinous body 1), (nimble swimmer 1),
tentacles, fangs 1, agile 1, dopey 2, frail 3, low MP 1, screaming 1, cold
vulnerability 1, heat vulnerability 1, subdued magic 1, inability to drink after
injury 1
0: Orb of Zot
}: 10/15 runes: barnacled, slimy, silver, obsidian, icy, bone, abyssal, demonic,
glowing, gossamer
a: Begin Untransformation, Renounce Religion, Evoke Blink, Potion Petition, Call
Merchant, Bribe Branch


You escaped.
You worshipped Gozag.
Gozag was most pleased with you.
You were a living statue of rough stone.
You visited 18 branches of the dungeon, and saw 81 of its levels.
You visited Pandemonium 2 times, and saw 10 of its levels.
You visited the Abyss 2 times.
You also visited: Sewer and Ice Cave.

You collected 56758 gold pieces.
You spent 9241 gold pieces at shops.
You paid 43129 gold pieces to Gozag.

Inventory:

Hand Weapons
 a - the +2 Maxwell's thermic engine (weapon) {flame, freeze, rev}
   (You took it off a deep elf pyromancer on level 2 of the Orcish Mines)
 b - the +4 sling of Spores {freeze, rPois rF+ rN+++ Stlth-}
   (You found it on level 1 of the Lair of Beasts)

   rF+:       It protects you from fire.
   rPois:     It protects you from poison.
   rN+++:     It renders you almost immune to negative energy.
   Stlth-:    It makes you less stealthy.
Missiles
 Q - 10 throwing nets
Armour
 j - the +1 hat of Veilu (worn) {rC+ Str+3}
   (You found it on level 4 of the Spider Nest)

   Str+3:     It affects your strength (+3).
   rC+:       It protects you from cold.
 o - a +6 tower shield of protection (worn)
 r - a +0 kite shield of reflection
Jewellery
 e - the ring of the Tempest (on tentacle) {+Blink rElec rF+ Will+ AC+4}
   (You bought it in a shop on level 8 of the Dungeon)

   [ring of protection]

   AC+4:      It affects your AC (+4).
   rF+:       It protects you from fire.
   rElec:     It insulates you from electricity.
   Will+:     It increases your willpower.
   +Blink:    It lets you blink.
 f - a ring of positive energy
 g - the ring of the Wereyak (right tentacle) {rF+ rN+ EV+5 Str+3}
   (You took it off a deep elf blademaster on level 3 of the Elven Halls)

   [ring of evasion]

   EV+5:      It affects your evasion (+5).
   Str+3:     It affects your strength (+3).
   rF+:       It protects you from fire.
   rN+:       It protects you from negative energy.
 h - the amulet of Vitality (around mantle) {Regen++ RegenMP++}
   (You bought it in a shop on level 8 of the Dungeon)

   [amulet of nothing]

   Regen++:   It increases your rate of health regeneration.
   RegenMP++: It increases your rate of magic regeneration.
 l - the ring of Yredelemnul's Wrath (on tentacle) {rF++ AC+4 Slay+3}
   (You took it off a frost giant on level 7 of Cocytus)

   [ring of protection]

   AC+4:      It affects your AC (+4).
   Slay+3:    It affects your accuracy & damage with ranged weapons and melee
   (+3).
   rF++:      It greatly protects you from fire.
 n - a +6 ring of intelligence
 x - the ring of Vyal (on tentacle) {Fire rElec Will+ Int+2}
   (You bought it in a shop on level 10 of the Dungeon)

   [ring of fire]

   Fire:      It enhances your fire magic.
   Int+2:     It affects your intelligence (+2).
   rF+:       It protects you from fire.
   rC-:       It makes you vulnerable to cold.
   rElec:     It insulates you from electricity.
   Will+:     It increases your willpower.
 H - the ring of the Mage (left tentacle) {Wiz Archmagi}
   (You found it on level 5 of the Pits of Slime)

   [ring of wizardry]

   Wiz:       It improves your spell success rate.
   Archmagi:  It increases the power of your magical spells.
 I - a ring of resist corrosion
 J - the ring "Mulytt" (on tentacle) {rElec MP+9 Int+6 Dex-4 SInv}
   (You found it on level 7 of Tartarus)

   [ring of intelligence]

   Int+6:     It affects your intelligence (+6).
   Dex-4:     It affects your dexterity (-4).
   rElec:     It insulates you from electricity.
   MP+9:      It affects your magic capacity (+9).
   SInv:      It lets you see invisible.
 L - the ring "Xupaij" (on tentacle) {^Drain Will++ Str+6 Int+2}
   (You bought it in a shop on level 8 of the Dungeon)

   [ring of strength]

   Str+6:     It affects your strength (+6).
   Int+2:     It affects your intelligence (+2).
   Will++:    It greatly increases your willpower.
   ^Drain:    It drains your maximum health when unequipped.
 M - a +4 ring of protection
 U - the ring of Umuyl {rPois Str+4}
   (You found it on level 2 of the Vaults)

   [ring of poison resistance]

   Str+4:     It affects your strength (+4).
   rPois:     It protects you from poison.
 V - a ring of ice (on tentacle)
Talismans
 s - a serpent talisman
 N - a talisman of death
 S - a granite talisman
Wands
 B - a wand of digging (30)
 C - a wand of paralysis (43)
 E - a wand of polymorph (27)
 G - a wand of mindburst (64)
 T - a wand of roots (46)
 X - a wand of quicksilver (52)
Scrolls
 i - a scroll of brand weapon
 k - a scroll of summoning
 m - 22 scrolls of teleportation
 p - 12 scrolls of fog
 u - 9 scrolls of revelation
 z - 18 scrolls of fear
 R - 3 scrolls of silence
 Y - 7 scrolls of poison
 Z - 6 scrolls of blinking
Potions
 c - 3 potions of cancellation
 d - 3 potions of brilliance
 q - 23 potions of curing
 t - 7 potions of might
 v - 10 potions of haste
 y - 3 potions of resistance
 D - 6 potions of invisibility
 F - 12 potions of enlightenment
 K - 5 potions of heal wounds
 O - 3 potions of magic
 P - 17 potions of ambrosia
Miscellaneous
 w - a phial of floods
 A - the horn of Geryon
 W - a phantom mirror


   Skills:
 + Level 21.3 Fighting
 - Level 20.0 Long Blades
 - Level 7.0 Polearms
 - Level 7.0 Ranged Weapons
 + Level 20.9 Dodging
 + Level 25.4 Stealth
 + Level 19.0 Shields
 + Level 19.9 Spellcasting
 + Level 22.2 Conjurations
 - Level 8.2 Hexes
 + Level 13.5 Summonings
 - Level 2.0 Translocations
 - Level 19.9 Fire Magic
 - Level 8.7 Ice Magic
 - Level 9.0 Air Magic
 + Level 7.2 Earth Magic
 + Level 12.1 Evocations
 + Level 24.5 Shapeshifting


You had 2 spell levels left.
You knew the following spells:

 Your Spells              Type           Power      Damage    Failure   Level
a - Ozocubu's Armour      Ice            100%       N/A       1%          3
b - Searing Ray           Conj           100%       2d8       0%          2
c - Fulminant Prism       Conj/Alch      45%        3d21      1%          4
d - Tukima's Dance        Hex            81%        N/A       1%          3
e - Blink                 Tloc           100%       N/A       1%          2
f - Swiftness             Air            83%        N/A       1%          3
g - Mercury Vapours       Alch/Air       100%       N/A       1%          2
h - Freezing Cloud        Conj/Ice/Air   60%        6-21      1%          5
i - Irradiate             Conj/Alch      45%        3d26      1%          5
j - Magic Dart            Conj           100%       1d8       0%          1
k - Airstrike             Air            41%        2d(6-22)  1%          4
l - Spellforged Servitor  Conj/Summ      55%        N/A       1%          7
m - Plasma Beam           Fire/Air       62%        2x1d78    1%          6
n - Ignition              Fire           69%        3d18      1%          8
o - Lehudib's Crystal Sp  Conj/Erth      50%        10d12     11%         8

Your spell library contained the following spells:

 Spells                   Type           Power      Damage    Failure   Level
 Foxfire                  Conj/Fire      100%       2x1d9     0%          1
 Shock                    Conj/Air       100%       1d9       0%          1
 Sting                    Conj/Alch      100%       1d9       0%          1
 Summon Small Mammal      Summ           100%       N/A       0%          1
 Call Imp                 Summ           100%       N/A       0%          2
 Static Discharge         Conj/Air       100%       3-8/arc   0%          2
 Apportation              Tloc           100%       N/A       1%          1
 Freeze                   Ice            100%       1d10      1%          1
 Necrotise                Necr           100%       1d9       1%          1
 Cigotuvi's Dreadful Rot  Necr/Alch/Air  100%       N/A       1%          2
 Ensorcelled Hibernation  Hex/Ice        100%       N/A       1%          2
 Lesser Beckoning         Tloc           100%       N/A       1%          2
 Call Canine Familiar     Summ           98%        N/A       0%          3
 Dazzling Flash           Conj/Hex       100%       N/A       0%          3
 Hailstorm                Conj/Ice       100%       3d16      0%          3
 Inner Flame              Hex/Fire       100%       N/A       0%          3
 Stone Arrow              Conj/Erth      100%       3d13      0%          3
 Fireball                 Conj/Fire      70%        3d26      0%          5
 Frozen Ramparts          Ice            100%       1d16      1%          3
 Mephitic Cloud           Conj/Alch/Air  88%        N/A       1%          3
 Passwall                 Erth           77%        N/A       1%          3
 Portal Projectile        Hex/Tloc       100%       N/A       1%          3
 Sigil of Binding         Hex            81%        N/A       1%          3
 Summon Ice Beast         Ice/Summ       100%       N/A       1%          3
 Teleport Other           Tloc           53%        N/A       1%          3
 Volatile Blastmotes      Fire/Tloc      100%       2d18      1%          3
 Anguish                  Hex/Necr       32%        N/A       1%          4
 Cause Fear               Hex            40%        N/A       1%          4
 Dimensional Bullseye     Hex/Tloc       34%        N/A       1%          4
 Iskenderun's Mystic Bla  Conj/Tloc      94%        2d18      (+2d11%     4
 Leda's Liquefaction      Alch/Erth      30%        N/A       1%          4
 Petrify                  Alch/Erth      61%        N/A       1%          4
 Sticky Flame             Fire/Alch      100%       2d15      1%          4
 Summon Lightning Spire   Summ/Air       91%        N/A       1%          4
 Vhi's Electric Charge    Tloc/Air       100%       N/A       1%          4
 Arcjolt                  Conj/Air       52%        1d62      1%          5
 Lee's Rapid Deconstruct  Erth           38%        3d19*     1%          5
 Summon Forest            Summ/Tloc      39%        N/A       1%          5
 Bombard                  Conj/Erth      50%        9d8       1%          6
 Conjure Ball Lightning   Conj/Air       52%        3x3d18    1%          6
 Starburst                Conj/Fire      70%        6d18      1%          6
 Summon Hydra             Summ           49%        N/A       1%          7
 Passage of Golubria      Tloc           53%        N/A       2%          4
 Yara's Violent Unravell  Hex/Alch       32%        3d13      3%          5
 Borgnjor's Vile Clutch   Necr/Erth      30%        N/A       4%          5
 Dispel Undead            Necr           39%        3d16      7%          4
 Olgreb's Toxic Radiance  Alch           39%        N/A       7%          4
 Ozocubu's Refrigeration  Ice            52%        4d19      16%         7
 Sculpt Simulacrum        Ice/Alch       42%        N/A       17%         6
 Summon Horrible Things   Summ           49%        N/A       17%         8
 Alistair's Intoxication  Alch           26%        N/A       21%         5
 Enfeeble                 Hex            40%        N/A       21%         7
 Malign Gateway           Summ/Tloc      39%        N/A       24%         7
 Haunt                    Necr/Summ      37%        N/A       34%         7
 Dispersal                Tloc           26%        N/A       43%         6
 Death Channel            Necr           19%        N/A       71%         6
 Eringya's Noxious Bog    Alch           19%        4d6       71%         6
 Discord                  Hex            40%        N/A       82%         8
 Manifold Assault         Tloc           26%        N/A       93%         7
 Dragon's Call            Summ           49%        N/A       94%         9
 Borgnjor's Revivificati  Necr           19%        N/A       100%        8
 Disjunction              Tloc           26%        N/A       100%        8
 Infestation              Necr           19%        N/A       100%        8
 Death's Door             Necr           19%        N/A       100%        9
 Polar Vortex             Ice            52%        12d6*     100%        9
 Shatter                  Erth           38%        3d30*     100%        9
 Sublimation of Blood     Necr           Unusable   N/A       N/A         2
 Animate Armour           Summ/Erth      Unusable   N/A       N/A         4
 Animate Dead             Necr           Unusable   N/A       N/A         4

Dungeon Overview and Level Annotations

Branches:
Dungeon (15/15)            Temple (1/1) D:5            Lair (5/5) D:8
 Shoals (4/4) Lair:2       Spider (4/4) Lair:2        Slime (5/5) Lair:4
    Orc (2/2) D:12            Elf (3/3) Orc:2        Vaults (5/5) D:13
  Crypt (3/3) Vaults:2       Tomb (2/3) Crypt:3      Depths (4/4) D:15
   Hell (visited)             Dis (1/7) Hell            Geh (7/7) Hell
    Coc (7/7) Hell            Tar (7/7) Hell            Zot (5/5) Depths:4
  Sewer (visited)           IceCv (visited)

Altars:
Ashenzari
Cheibriados
Dithmenos
Elyvilon
Fedhas
Gozag
Hepliaklqana
Kikubaaqudgha
Makhleb
Nemelex Xobeh
Okawaru
Qazlal
Ru
Sif Muna
Trog
Uskayaw
Vehumet
Wu Jian
Xom
Yredelemnul
Zin
The Shining One
Beogh
Jiyva
Lugonu

Shops:
D:8 =:==****=[=!::([*   D:9 :   D:10 =   D:15 ??   Orc:2 *=(?   Elf:1 (
Elf:2 =   Shoals:4 =   Vaults:4 ?   Depths:4 *[=(

Portals:
Hell: Depths:1 Depths:2 Depths:3 Depths:4
Abyss: Depths:1 Depths:2 Depths:3
Pandemonium: Depths:2
Ziggurat: Depths:2

Annotations:
Crypt:1 1 runed translucent door


Innate Abilities, Weirdness & Mutations

You are a living statue of rough stone.
Your actions are slow, but your melee attacks are powerful.
You are resistant to unholy torment.
Your maximum health is greatly increased.
You cannot wear most types of armour.
You are amphibious.
You can wear up to eight rings at the same time.
You are immune to poison.
Your skin changes colour to match your surroundings (Stealth+).
((Your rubbery body absorbs attacks. (AC +1, EV +1)))
((You are camouflaged when in or above water. (Stealth+)))
You have tentacles for arms and can constrict up to eight enemies at once.
You have very sharp teeth.
You are agile. (Dex +4, Str/Int -1)
You are very dopey. (Int -4)
You are extremely frail. (-30% HP)
Your magical capacity is low. (-10% MP)
You occasionally shout uncontrollably at your foes.
You are vulnerable to cold. (rC-)
You are vulnerable to heat. (rF-)
Your spells are a little easier to cast, but a little less powerful.
You occasionally lose the ability to drink potions when taking damage.


Message History

Noskiusk hits your spellforged servitor!
The smoke demon hits your spellforged servitor but does no damage.
The smoke demon closely misses your spellforged servitor.
The smoke demon barely misses your spellforged servitor.
Noskiusk gestures.
Noskiusk flickers and vanishes for a moment.
Your spellforged servitor gestures at the smoke demon while chanting.
The crystal spear hits the smoke demon!!!
The smoke demon dies!
Unknown command.
Noskiusk hits something!! x2
Noskiusk hits something!!
Casting: Spellforged Servitor (mildly dangerous; 1% risk of failure)
Confirm with . or Enter, or press ? or * to list all spells.
You feel a surge of power!
You summon a servant imbued with your destructive magic!
Noskiusk closely misses you. Noskiusk gestures at you.
The bolt of fire misses you. Noskiusk barely misses you.
Noskiusk attacks as it pursues you! Noskiusk hits you.
You block Noskiusk's attack. You block Noskiusk's attack.
You block Noskiusk's attack. You block Noskiusk's attack.
You block Noskiusk's attack.
Noskiusk gestures.
You block Noskiusk's attack.
You block the hell beast's attack. x2; Noskiusk attacks as it pursues you!
You block Noskiusk's attack. You block the hell beast's attack.
The hell beast misses you. Noskiusk misses you.
Noskiusk attacks as it pursues you! You block Noskiusk's attack. x2
You block the hell beast's attack. x2
You block Noskiusk's attack. You block the hell beast's attack. x2
The hell beast attacks as it pursues you!
You block the hell beast's attack. x2
There is a staircase leading out of the dungeon here.
You block Noskiusk's attack. You block the hell beast's attack. x2
Noskiusk hits you but does no damage.
You have escaped!

#......##..## #.##.###.##
#......###..# #.##.......
#.....#####.######..........
####P.............P###......
#~P...........P~# ####†..
#≈~P.........P~≈# #...
#≈≈≈P...9...P~~~# ##...
#≈≈~~P..&2.P~~~≈# ##....
#≈≈≈~~P.I.P~~~≈≈# ##..###
#≈≈≈≈P.....P~≈≈≈###..##
#≈≈≈P.......P~~~##..##
#~~P.........P~≈#..##
#~P...........P~#.##
#P.............P#.#
########..........#
############


You could see Noskiusk (invisible), a hell beast (summoned) and a friendly
spellforged servitor (summoned).

Vanquished Creatures
  Asmodeus (Geh:7)
  Dissolution (Slime:2)
  Ereshkigal (Tar:7)
  the Serpent of Hell (Tar:7)
  Mnoleg (Pan)
  5 dread liches
  2 ancient liches
  2 orbs of fire (Zot:5)
  A juggernaut (Depths:3)
  15 royal mummies
  6 pandemonium lords (Pan)
  Sojobo (Vaults:2)
  Bai Suzhen (Vaults:2)
  3 Killer Klowns (Zot:5)
  Saint Roka (Crypt:2)
  Xtahua (Crypt:2)
  Margery (Vaults:4)
  9 shard shrikes
  Frederick (Vaults:2)
  9 golden dragons
  Nikola (Shoals:1)
  9 profane servitors
  21 bone dragons
  3 electric golems
  8 Brimstone Fiends
  17 doom hounds
  15 Tzitzimimeh
  Jorgrun (Shoals:2)
  3 spectral shard shrikes
  11 tentacled monstrosities
  A shard shrike zombie (Abyss:3)
  21 Ice Fiends
  5 Hell Sentinels
  A walking earthen tome (Depths:4)
  10 Orb Guardians
  12 hellephants
  5 liches
  Rupert (D:15)
  14 searing wretches
  16 tainted leviathans
  2 deep elf master archers (Elf:3)
  5 Executioners (Pan)
  A kraken (Shoals:1)
  5 quicksilver dragons
  12 titans
  A deep elf blademaster (Elf:3)
  5 sphinxes
  10 ancient champions
  Polyphemus (Shoals:2)
  12 acid blobs
  9 death cobs
  8 tentacled starspawn
  Kirke (D:12)
  4 tengu reavers
  Aizul (Spider:1)
  Roxanne (Shoals:2)
  9 shadow dragons
  6 rockslimes
  3 draconian monks (Zot:3)
  21 azure jellies
  4 revenants
  12 storm dragons
  A daeva (Abyss:3)
  14 fire giants
  2 iron dragons
  19 narguns
  3 emperor scorpions
  5 deep elf sorcerers (Elf:3)
  13 frost giants
  12 vault wardens
  9 draconian knights
  8 draconian scorchers
  The ghost of Gelion the Metamorph, a journeyman TrSh of Trog (Orc:1)
  7 demonspawn warmongers (Pan)
  A quicksilver elemental (Dis:1)
  3 caustic shrike zombies
  A spectral caustic shrike (Tar:1)
  8 ghost moths
  4 draconian shifters
  A spectral juggernaut (Tar:1)
  5 draconian stormcallers
  Louise (Depths:2)
  6 shard shrike simulacra
  25 balrugs
  20 cacodemons
  11 demonspawn blood saints (Pan)
  3 angels
  6 quicksilver oozes
  2 broodmothers
  14 ghouls
  7 orc warlords
  15 war gargoyles
  19 reapers
  3 draconian annihilators
  6 deep elf elementalists (Elf:3)
  9 demonspawn corrupters (Pan)
  7 formless jellyfish
  5 green draconians
  19 ironbound preservers
  8 vampire knights
  A caustic shrike skeleton (Crypt:3)
  7 deep elf demonologists
  6 ironbound thunderhulks (Vaults:4)
  19 elemental wellsprings
  12 stone giants
  19 very ugly things
  17 wendigos
  8 black draconians
  5 demonspawn black suns (Pan)
  12 putrid mouths
  9 purple draconians
  13 dire elephants
  8 white draconians
  10 yellow draconians
  2 bennus (Tomb:1)
  11 lorocyprocas
  6 red draconians
  8 deep elf annihilators (Elf:3)
  8 spark wasps
  13 eidola
  6 merfolk impalers
  3 deep elf death magi (Elf:3)
  2 green deaths
  A quicksilver dragon zombie (Abyss:3)
  4 ettins
  14 blizzard demons
  8 jiangshi
  Snorg (D:10)
  5 crystal guardians
  6 fire dragons
  7 entropy weavers
  Josephine (D:11)
  An iron golem (Dis:1)
  2 merfolk javelineers
  A spriggan zombie (Tomb:2)
  4 deep elf high priests
  3 mummy priests
  2 spectral spriggans
  2 caustic shrike simulacra
  35 vault guards
  8 hydras
  14 yaktaur captains
  11 great orbs of eyes
  An ice dragon (Depths:1)
  5 catoblepae
  3 peacekeepers
  2 spriggan air magi
  3 juggernaut simulacra
  3 rakshasas
  2 merfolk avatars (Shoals:4)
  4 radroaches
  2 spriggan skeletons
  2 jorogumos (Spider:4)
  2 merfolk aquamancers
  19 salamander tyrants
  4 hell beasts
  8 ironbound frosthearts
  3 death knights
  8 stokers
  16 centaur warriors
  7 two-headed ogres
  A spectral stone giant (Tar:4)
  2 tengu warriors
  2 alligator snapping turtles
  9 boulder beetles
  31 death scarabs
  2 deep troll shamans (Depths:3)
  15 demonic crawlers
  A bennu skeleton (Crypt:2)
  10 death yaks
  2 satyrs
  7 vampire magi
  7 deep troll earth magi
  A spectral dire elephant (Tar:5)
  3 orc high priests (Orc:2)
  33 hell hogs
  2 titan zombies
  7 spectral nagas
  3 spriggans
  45 sun demons
  16 hell knights
  19 thrashing horrors
  4 spriggan berserkers
  21 wretched stars
  30 soul eaters
  5 skysharks
  14 deep elf knights
  2 titan skeletons
  Lodul (D:11)
  16 shadow demons
  25 shadow wraiths
  18 sixfirhies
  2 cherubim (Depths:2)
  8 pharaoh ants
  13 sea snakes
  A spectral bunyip (Tar:1)
  2 iron trolls
  2 sun moths (Shoals:3)
  7 quicksilver dragon simulacra
  An iron giant zombie (Tomb:2)
  5 flayed ghosts
  A storm dragon skeleton (Crypt:1)
  4 spectral anacondas
  26 skeletal warriors
  43 deep trolls
  2 bunyip zombies
  4 glowing orange brains
  5 spatial maelstroms (Abyss:4)
  7 orb spiders
  18 deep elf archers
  8 occultists
  A spectral jorogumo (Spider:4)
  A spectral hydra (Tar:1)
  A shadow dragon zombie (Crypt:1)
  2 fenstrider witch simulacra
  3 kraken simulacra (Coc:7)
  2 spectral wolf spiders (Spider:4)
  2 spectral iron dragons (Tar:1)
  13 phantasmal warriors
  23 ironbound convokers
  5 steelbarb worms
  2 lindwurms
  16 wolf spiders
  17 orc knights
  4 orc sorcerers
  2 wolf spider zombies (Spider:4)
  11 deep elf zephyrmancers
  10 necromancers
  10 cyclopes
  2 sphinx skeletons
  A mana viper (shapeshifter) (Elf:1)
  An iron dragon zombie (Crypt:1)
  16 harpies
  16 deep elf pyromancers
  A fire giant zombie (Depths:2)
  19 manticores
  39 ugly things
  2 shining eyes
  2 broodmother zombies (Spider:4)
  2 will-o-the-wisps (Abyss:3)
  A cyclops (shapeshifter) (D:15)
  A moth of wrath (shapeshifter) (Vaults:5)
  3 oklob plants
  21 fauns
  26 moths of wrath
  4 worldbinders (Abyss:3)
  A spectral alligator snapping turtle (Tar:1)
  5 nameless horrors (Pan)
  3 apocalypse crabs
  2 spectral centaurs (Tar:1)
  15 merfolk sirens
  10 rust devils
  A toenail golem (Pan)
  22 vault sentinels
  12 elephants
  5 titan simulacra
  4 torpor snails
  9 water nymphs
  A water nymph (shapeshifter) (D:13)
  2 gargoyles
  5 black mambas
  A black mamba (shapeshifter) (Abyss:4)
  22 smoke demons
  A storm dragon simulacrum (Coc:1)
  4 ice statues
  3 unseen horrors
  9 orange demons
  9 molten gargoyles (Geh:7)
  24 hellions
  13 cane toads
  A rime drake (shapeshifter) (D:13)
  8 kobold demonologists
  A centaur skeleton (Crypt:3)
  42 yaktaurs
  Psyche (D:10)
  6 rime drakes
  2 spectral redbacks (Spider:4)
  22 tormentors
  A spark wasp simulacrum (Depths:2)
  11 ice devils
  7 komodo dragons
  2 redback zombies (Spider:4)
  A golden dragon simulacrum (Coc:7)
  3 efreet
  21 freezing wraiths
  7 ancient zymes (Abyss:3)
  2 tengu conjurers
  4 anaconda simulacra
  3 silent spectres
  A red draconian skeleton (Crypt:1)
  A spectral two-headed ogre (Tar:1)
  4 iron giant simulacra (Coc:7)
  3 red devils
  7 spectral harpies
  4 meliai
  13 guardian mummies
  19 trolls
  26 merfolk
  7 wind drakes
  A meliai (shapeshifter) (Vaults:5)
  A queen bee (D:11)
  10 hellwings
  2 tarantellas (shapeshifter)
  3 tarantella zombies (Spider:4)
  16 tarantellas
  An ettin zombie (Abyss:3)
  12 polar bears
  2 harpy zombies
  Grinder (D:6)
  A sphinx simulacrum (Depths:2)
  3 hornets
  5 jumping spider zombies
  A spectral tarantella (Spider:4)
  5 snapping turtles
  A culicivora zombie (Spider:4)
  10 saltlings (Orc:2)
  33 blink frogs
  2 harpy skeletons (Crypt:3)
  21 raiju
  A hydra skeleton (Crypt:3)
  A raiju (shapeshifter) (Vaults:5)
  2 ettin skeletons
  A spectral culicivora (Spider:4)
  16 dream sheep
  45 large abominations
  A centaur simulacrum (Hell)
  39 jumping spiders
  63 slime creatures
  Sigmund (D:5)
  3 stone giant simulacra
  9 air elementals (Elf:1)
  16 culicivoras
  8 shadows
  9 wraiths
  8 dire elephant simulacra
  5 wyverns
  54 laughing skulls
  A black mamba zombie (Abyss:3)
  A hog (shapeshifter) (D:14)
  24 water elementals
  3 ushabtiu
  2 yaks (shapeshifter)
  4 vampires
  21 dancing weapons
  31 ynoxinuls
  27 yaks
  2 fire bats (Depths:2)
  8 humans (D:13)
  38 starcursed masses
  9 basilisks
  2 death yak simulacra (IceCv)
  17 neqoxecs
  4 hogs (D:12)
  An alligator snapping turtle simulacrum (Coc:1)
  35 chaos spawn
  8 fire elementals
  2 golden eyes (Slime:4)
  A redback (shapeshifter) (Vaults:4)
  14 spatial vortices (Abyss:4)
  11 harpy simulacra
  79 redbacks
  22 small abominations
  12 wargs
  A glowing shapeshifter zombie (Depths:2)
  A human zombie (Depths:2)
  16 water moccasins
  4 hydra simulacra
  4 acid dragons
  3 glass eyes
  17 hell hounds
  26 orc warriors
  A naga skeleton (Abyss:3)
  A manticore zombie (Crypt:1)
  2 sky beasts
  A dream sheep zombie (Crypt:2)
  12 black bears
  8 centaurs
  29 wolves
  A boggart (D:13)
  17 ogres
  7 kobold brigands
  4 necrophages
  10 bullfrogs
  7 earth elementals
  2 gnoll sergeants
  A scorpion (D:5)
  2 two-headed ogre simulacra (IceCv)
  2 cane toad simulacra (IceCv)
  15 wights
  An elephant simulacrum (IceCv)
  A water moccasin skeleton (Crypt:2)
  39 killer bees
  An electric eel (Spider:2)
  2 howler monkeys
  A crimson imp (Abyss:3)
  2 jellies
  2 quasits
  6 hounds
  15 orc priests
  2 gnoll boudas
  3 iguanas
  2 iron imps
  3 sleepcaps
  A basilisk skeleton (Crypt:1)
  Terence (D:3)
  12 orc wizards
  12 hell rats (Depths:1)
  3 spriggan simulacra
  A troll simulacrum (IceCv)
  2 polar bear simulacra (IceCv)
  A tengu zombie (Crypt:1)
  A sky beast zombie (Crypt:2)
  An ogre skeleton (Crypt:2)
  A tengu skeleton (Crypt:1)
  10 mummies
  18 gnolls
  10 adders
  4 naga simulacra
  2 river rats (Sewer)
  2 shadow imps (Abyss:3)
  6 white imps
  6 ufetubi
  4 ribbon worms
  4 dart slugs
  79 orcs
  20 endoplasms
  2 giant cockroaches
  9 goblins
  3 hobgoblins
  10 jackals
  26 kobolds
  5 quokkas
  10 ball pythons
  A bat (D:1)
  5 frilled lizards
  A jackal zombie (Crypt:2)
  An orc zombie (Crypt:2)
  15 rats
  A butterfly (Lair:4)
  4 creeping infernos
  17 fire vortices
  A fulminant prism (D:11)
  4 lurking horrors
  7 tentacles
3700 creatures vanquished.

Vanquished Creatures (collateral kills)
  Antaeus (Coc:7)
  the Royal Jelly (Slime:5)
  2 dread liches
  2 ancient liches
  Mennas (Pan)
  2 orbs of fire (Zot:5)
  A juggernaut (Depths:3)
  11 royal mummies
  3 shard shrikes
  A pandemonium lord (Pan)
  2 Killer Klowns (Zot:5)
  The ghost of Joextigh the Crack Shot, a veteran KoHu of Okawaru (Vaults:1)
  Geryon (Hell)
  2 golden dragons
  11 bone dragons
  3 electric golems
  9 Tzitzimimeh
  2 doom hounds (Tar:7)
  6 Brimstone Fiends
  4 tentacled monstrosities
  5 Ice Fiends
  2 tainted leviathans
  5 hellephants
  9 Orb Guardians (Zot:5)
  7 Hell Sentinels
  2 titans
  A deep elf blademaster (Elf:3)
  4 liches
  5 acid blobs
  2 searing wretches
  2 tentacled starspawn (Abyss:3)
  6 Executioners
  A quicksilver dragon (Depths:3)
  4 death cobs
  3 ancient champions
  3 sphinxes
  2 storm dragons
  2 shadow dragons
  3 draconian monks
  5 rockslimes (Slime:5)
  6 fire giants
  4 narguns
  5 azure jellies
  A ghost moth (Zot:3)
  4 draconian scorchers
  3 draconian stormcallers
  2 angels (Depths:2)
  10 balrugs
  3 demonspawn blood saints (Pan)
  2 frost giants
  2 draconian shifters
  A spectral caustic shrike (Tar:7)
  8 demonspawn corrupters (Pan)
  A draconian annihilator (Zot:5)
  3 quicksilver oozes
  4 ghouls (Tar:5)
  8 cacodemons
  11 reapers
  3 formless jellyfish
  2 vampire knights
  10 very ugly things
  A spriggan defender (Depths:3)
  6 stone giants
  3 green draconians
  3 demonspawn black suns (Pan)
  4 black draconians
  A spectral titan (Tar:4)
  5 wendigos
  9 elemental wellsprings
  11 putrid mouths
  5 purple draconians
  5 red draconians
  4 white draconians
  6 eidola
  7 yellow draconians
  A deep elf death mage (Elf:1)
  5 green deaths (Pan)
  A mummy priest (Tomb:2)
  4 fire dragons
  10 blizzard demons
  2 jiangshi (Depths:1)
  2 ettins
  A great orb of eyes (Slime:5)
  A yaktaur captain (Vaults:5)
  A salamander tyrant (Geh:1)
  A rakshasa (Depths:3)
  A vault guard (Vaults:5)
  4 ice dragons
  A caustic shrike simulacrum (Coc:2)
  A spriggan air mage (Depths:3)
  A spectral stone giant (Tar:2)
  A centaur warrior (D:13)
  30 death scarabs
  A vampire mage (Depths:1)
  14 hell hogs
  3 deep troll shamans
  5 tengu warriors
  6 thrashing horrors
  3 deep troll earth magi
  11 demonic crawlers (Pan)
  A spectral dire elephant (Tar:5)
  28 soul eaters
  3 sun demons (Pan)
  4 hell knights (Depths:4)
  2 shadow wraiths
  4 skeletal warriors
  A spatial maelstrom (Abyss:4)
  12 sixfirhies
  2 flayed ghosts
  10 deep trolls
  4 iron trolls
  A wretched star (Abyss:2)
  A glowing orange brain (Depths:3)
  15 shadow demons
  A phantasmal warrior (Depths:4)
  A golden dragon zombie (Depths:2)
  An occultist (Depths:1)
  2 spriggan simulacra
  28 starcursed masses
  3 necromancers
  A fenstrider witch simulacrum (Coc:1)
  A deep elf pyromancer (Elf:3)
  A deep elf zephyrmancer (Elf:3)
  9 ugly things
  An iron dragon zombie (Abyss:4)
  A shining eye (Slime:4)
  A nameless horror (Pan)
  2 rust devils
  3 eyes of devastation
  A storm dragon simulacrum (Depths:2)
  6 moths of wrath
  A stone giant skeleton (Tomb:2)
  25 smoke demons
  A molten gargoyle (Depths:2)
  An apocalypse crab (Abyss:3)
  16 orange demons
  2 titan simulacra (Coc:2)
  12 hellions
  5 efreet
  An unseen horror (Abyss:3)
  13 tormentors
  4 anaconda simulacra
  3 freezing wraiths
  2 ice devils (Pan)
  A tengu conjurer (Depths:2)
  A bunyip simulacrum (Abyss:3)
  A yaktaur (Vaults:4)
  4 red devils (Pan)
  An iron giant simulacrum (Coc:7)
  3 guardian mummies
  6 ancient zymes
  A shadow dragon simulacrum (Coc:1)
  5 hellwings
  A stone giant simulacrum (Coc:1)
  An ettin zombie (Depths:1)
  8 raiju
  A fire giant simulacrum (Depths:2)
  21 slime creatures
  2 centaur simulacra (Coc:2)
  2 water elementals
  2 laughing skulls
  8 shadows (Tar:4)
  A wraith (Abyss:2)
  15 ynoxinuls
  3 dire elephant simulacra
  3 naga simulacra
  3 golden eyes
  3 alligator snapping turtle simulacra
  39 chaos spawn
  12 neqoxecs
  6 harpy simulacra
  A human zombie (Depths:1)
  40 large abominations
  3 hydra simulacra
  4 ettin simulacra
  2 centaurs
  8 small abominations
  A human simulacrum (Depths:1)
  13 mummies
  2 white imps
  An ufetubus (Abyss:3)
  A creeping inferno (Geh:7)
  A lurking horror (Abyss:3)
  2 starspawn tentacles (Abyss:3)
883 creatures vanquished.

Vanquished Creatures (others)
  An ancient lich (Vaults:5)
  3 orbs of fire (Zot:5)
  A Killer Klown (Zot:5)
  A curse toe (Zot:5)
  2 tentacled monstrosities
  4 Orb Guardians (Zot:5)
  A titan (Vaults:5)
  A sphinx (Vaults:5)
  2 eldritch tentacles (Pan)
  3 tengu reavers (Vaults:5)
  A shadow dragon (Vaults:5)
  A fire giant (Geh:7)
  A draconian monk (Zot:5)
  An azure jelly (shapeshifter) (Vaults:5)
  A frost giant (Depths:3)
  A draconian scorcher (Zot:5)
  A very ugly thing (Vaults:5)
  A demonspawn blood saint (Pan)
  An ironbound preserver (Vaults:5)
  4 stone giants (Vaults:5)
  2 black draconians (Zot:5)
  A deep elf demonologist (Vaults:5)
  A yellow draconian (Zot:5)
  A purple draconian (Zot:5)
  An ettin (Vaults:5)
  A deep elf high priest (Vaults:5)
  3 yaktaur captains (Vaults:5)
  A deep elf death mage (Vaults:5)
  A vault guard (Vaults:5)
  2 juggernaut simulacra
  A caustic shrike simulacrum (Coc:4)
  A merfolk aquamancer (Shoals:4)
  A hell hog (Geh:7)
  A deep elf knight (Elf:1)
  A soul eater (Pan)
  2 quicksilver dragon simulacra (Coc:4)
  A deep troll (Vaults:5)
  2 spriggan simulacra
  A phantasmal warrior (Vaults:5)
  An ironbound convoker (Vaults:5)
  A moth of wrath (Zot:5)
  A salamander (shapeshifter) (Vaults:5)
  A vault sentinel (Vaults:5)
  3 titan simulacra
  3 molten gargoyles (Geh:7)
  A yaktaur (Vaults:5)
  A freezing wraith (Vaults:5)
  A raiju (Abyss:3)
  A stone giant simulacrum (Coc:1)
  A slime creature (D:14)
  3 large abominations
  A laughing skull (Abyss:3)
  3 dancing weapons
  A centaur simulacrum (Abyss:3)
  3 dire elephant simulacra
  A golden eye (Abyss:3)
  2 humans (D:13)
  2 chaos spawn
  5 harpy simulacra
  A hydra simulacrum (Coc:4)
  A tengu (shapeshifter) (Vaults:5)
  4 hell rats (Hell)
  An ufetubus (Abyss:3)
  A quokka (D:15)
  2 creeping infernos (Geh:7)
  2 fire vortices
  4 foxfires (Abyss:3)
  1380 fulminant prisms
  34 starspawn tentacles
  4 tentacles (Shoals:1)
1527 creatures vanquished.

Grand Total: 6110 creatures vanquished

Notes
Turn   | Place    | Note
-------+----------+-------------------------------------------
     0 | D:1      | packetloss the Octopode Conjurer began the quest for the
                  | Orb.
     0 | D:1      | Reached XP level 1. HP: 11/11 MP: 3/3
    76 | D:1      | Reached XP level 2. HP: 17/17 MP: 0/5
   125 | D:1      | Learned a level 2 spell: Searing Ray
   134 | D:1      | Found a faded altar of an unknown god.
   498 | D:1      | Reached XP level 3. HP: 21/21 MP: 3/6
  1325 | D:2      | Reached skill level 1 in Hexes
  1474 | D:2      | Reached XP level 4. HP: 27/27 MP: 3/8
  1479 | D:2      | Learned a level 4 spell: Fulminant Prism
  1669 | D:2      | Reached skill level 3 in Spellcasting
  1820 | D:2      | Found a hazy altar of Hepliaklqana.
  1954 | D:3      | Reached skill level 2 in Hexes
  2080 | D:3      | Found a sparkling altar of Nemelex Xobeh.
  2341 | D:3      | Found a glowing golden altar of the Shining One.
  2492 | D:3      | Reached XP level 5. HP: 31/31 MP: 5/9
  2557 | D:3      | Noticed Terence
  2892 | D:4      | Reached skill level 5 in Conjurations
  2920 | D:4      | Noticed a phantom
  2950 | D:4      | Reached skill level 3 in Hexes
  3195 | D:4      | Found a glowing drain.
  3204 | Sewer    | Entered a sewer
  3250 | Sewer    | Reached XP level 6. HP: 36/36 MP: 5/11
  3856 | Sewer    | Reached skill level 4 in Hexes
  4125 | Sewer    | Reached XP level 7. HP: 41/41 MP: 2/12
  4279 | Sewer    | Reached skill level 4 in Spellcasting
  5006 | D:4      | Reached skill level 5 in Hexes
  5151 | D:4      | Identified the +6 war axe "Kysotoit" {holy, Str+2 Int+2
                  | SInv}
  5267 | D:5      | Entered Level 5 of the Dungeon
  5295 | D:5      | Found a staircase to the Ecumenical Temple.
  5303 | Temple   | Entered the Ecumenical Temple
  5490 | D:5      | Found a blossoming altar of Fedhas.
  5905 | D:5      | Reached skill level 6 in Conjurations
  6032 | D:5      | Found an ancient bone altar of Kikubaaqudgha.
  6142 | D:5      | Noticed Sigmund
  6262 | D:5      | Killed Sigmund
  6263 | D:5      | Reached XP level 8. HP: 46/46 MP: 6/14
  6429 | D:5      | Found a hazy altar of Hepliaklqana.
  6742 | D:6      | Reached skill level 6 in Hexes
  6743 | D:6      | Gained mutation: You are agile. (Dex +4, Str/Int -1)
                  | [potion of mutation]
  6743 | D:6      | HP: 9/46 [poisoned by a water moccasin]
  6745 | D:6      | HP: 2/46 [poisoned by a water moccasin]
  6886 | D:6      | Reached skill level 1 in Polearms
  7075 | D:6      | Found the +10 tower shield of Ignorance {rN+ Int-4}
  7134 | D:6      | Reached skill level 7 in Conjurations
  7266 | D:6      | Noticed Grinder
  7281 | D:6      | Killed Grinder
  7282 | D:6      | Reached skill level 5 in Spellcasting
  7421 | D:6      | Reached skill level 2 in Polearms
  7421 | D:6      | Reached XP level 9. HP: 51/51 MP: 7/16
  7509 | D:6      | Reached skill level 7 in Hexes
  7628 | D:6      | Learned a level 3 spell: Tukima's Dance
  7644 | D:6      | Found a basalt altar of Yredelemnul.
  7685 | D:6      | Found a hide-covered altar of Uskayaw.
  7804 | D:6      | Reached skill level 8 in Conjurations
  8525 | D:7      | Found an opulent altar of Gozag.
  8650 | D:7      | Became a worshipper of Gozag Ym Sagoz the Greedy
  9000 | D:7      | Learned a level 2 spell: Blink
  9082 | D:7      | HP: 12/51 [poisoned by a killer bee]
  9498 | D:7      | Reached skill level 1 in Translocations
  9500 | D:7      | HP: 12/51 [poisoned by a killer bee]
  9505 | D:7      | HP: 7/51 [poisoned by a killer bee]
  9710 | D:7      | Reached skill level 6 in Spellcasting
  9761 | D:7      | HP: 12/51 [poisoned by a killer bee]
  9766 | D:7      | HP: 9/51 [poisoned by a killer bee]
  9939 | D:8      | Reached skill level 9 in Conjurations
 10458 | D:9      | Found a shadowy altar of Dithmenos.
 10629 | D:9      | Reached skill level 2 in Translocations
 10635 | D:9      | Reached skill level 3 in Stealth
 10756 | D:9      | Reached skill level 1 in Fighting
 10756 | D:9      | Reached XP level 10. HP: 58/58 MP: 14/19
 10962 | D:9      | Reached skill level 4 in Stealth
 11041 | D:9      | Found Pakoli's Book Shoppe.
 11076 | D:9      | Found a stormy altar of Qazlal.
 11095 | D:9      | Found a sacrificial altar of Ru.
 11254 | D:9      | Noticed a two-headed ogre
 11269 | D:9      | Killed a two-headed ogre
 11270 | D:9      | Reached skill level 2 in Fighting
 11270 | D:9      | Reached skill level 3 in Dodging
 11273 | D:9      | Reached skill level 10 in Conjurations
 11498 | D:9      | Noticed a kobold demonologist
 11505 | D:9      | Reached skill level 5 in Stealth
 11510 | D:9      | Killed a kobold demonologist
 11511 | D:9      | Reached skill level 7 in Spellcasting
 11677 | D:9      | Reached skill level 3 in Fighting
 11754 | D:9      | Identified the +5 short sword "Vacryl" {freeze, Dex+3}
 12087 | D:8      | Noticed a two-headed ogre
 12119 | D:8      | Killed a two-headed ogre
 12120 | D:8      | Reached skill level 4 in Dodging
 12120 | D:8      | Reached skill level 6 in Stealth
 12547 | D:8      | Found a broken altar of Ashenzari.
 12587 | D:8      | Reached XP level 11. HP: 53/68 MP: 10/22
 12660 | D:8      | Found a staircase to the Lair.
 12870 | Lair:1   | Entered Level 1 of the Lair of Beasts
 12997 | D:10     | Entered Level 10 of the Dungeon
 12997 | D:10     | Noticed a sixfirhy
 12997 | D:10     | Found a runed translucent door.
 12997 | D:10     | Found a burning altar of Makhleb.
 13018 | D:10     | Reached skill level 4 in Fighting
 13023 | D:10     | Noticed Psyche
 13320 | D:9      | Reached skill level 5 in Dodging
 13320 | D:9      | Reached skill level 7 in Stealth
 13413 | D:10     | Killed Psyche
 13698 | D:10     | Noticed Snorg
 13710 | D:10     | Killed Snorg
 13907 | D:10     | Reached skill level 8 in Spellcasting
 14014 | D:10     | Found a shimmering altar of Xom.
 14015 | D:10     | Found an ornate altar of the Wu Jian Council.
 14054 | D:10     | Found Foemin's One-of-a-Kind Rings.
 14085 | D:10     | Noticed a centaur warrior
 14096 | D:10     | Found a corrupted altar of Lugonu.
 14131 | D:10     | Reached skill level 5 in Fighting
 14134 | D:10     | Reached skill level 8 in Stealth
 14137 | D:10     | Reached skill level 11 in Conjurations
 14543 | D:11     | Noticed a manticore
 14543 | D:11     | Noticed a cyclops
 14927 | Lair:1   | Reached skill level 6 in Dodging
 15307 | Lair:1   | Reached skill level 9 in Stealth
 15307 | Lair:1   | Reached XP level 12. HP: 78/78 MP: 15/24
 15630 | Lair:1   | Identified the +4 sling of Spores {freeze, rPois rF+ rN+++
                  | Stlth-}
 15690 | Lair:1   | Reached skill level 6 in Fighting
 16347 | Lair:2   | Reached skill level 1 in Ranged Weapons
 17188 | Lair:2   | Reached skill level 2 in Ranged Weapons
 17241 | Lair:2   | Reached skill level 7 in Dodging
 17241 | Lair:2   | Reached skill level 10 in Stealth
 17369 | Lair:2   | Noticed a seven-headed hydra
 17381 | Lair:2   | Killed a seven-headed hydra
 17382 | Lair:2   | Reached skill level 9 in Spellcasting
 17489 | Lair:2   | Found a staircase to the Shoals.
 17508 | Lair:2   | Noticed a death yak
 17526 | Lair:2   | Noticed a death yak
 17537 | Lair:2   | Noticed a death yak
 17553 | Lair:2   | Killed a death yak
 17687 | Lair:2   | Found a hole to the Spider Nest.
 18231 | Lair:2   | Noticed a death yak
 18455 | Lair:2   | Found a staircase to the Shoals.
 18487 | Lair:2   | Killed a death yak
 18549 | Lair:2   | Found a hole to the Spider Nest.
 18701 | Lair:2   | Killed a death yak
 18816 | Lair:2   | Killed a death yak
 18817 | Lair:2   | Reached skill level 7 in Fighting
 18817 | Lair:2   | Reached skill level 3 in Ranged Weapons
 19090 | Lair:3   | Noticed a skyshark
 19229 | Lair:3   | Noticed a catoblepas
 19301 | Lair:3   | Reached skill level 12 in Conjurations
 19307 | Lair:3   | Found a frozen archway.
 19313 | IceCv    | Entered an ice cave
 19347 | IceCv    | Learned a level 3 spell: Swiftness
 19381 | IceCv    | Reached XP level 13. HP: 86/86 MP: 16/26
 19679 | IceCv    | Noticed a reaper
 19701 | IceCv    | Killed a reaper
 19702 | IceCv    | Reached skill level 11 in Stealth
 19702 | IceCv    | Reached skill level 1 in Air Magic
 19905 | IceCv    | Reached skill level 4 in Ranged Weapons
 20814 | IceCv    | Reached skill level 1 in Shields
 21269 | Lair:3   | Reached skill level 8 in Dodging
 21285 | Lair:3   | Reached skill level 2 in Air Magic
 21765 | Lair:3   | Reached skill level 2 in Shields
 22367 | Lair:3   | Reached skill level 8 in Fighting
 23196 | Lair:4   | Reached skill level 1 in Evocations
 23620 | Lair:4   | Reached skill level 12 in Stealth
 23623 | Lair:4   | Reached skill level 3 in Shields
 23623 | Lair:4   | Reached skill level 2 in Evocations
 23786 | Lair:4   | Identified 2 scrolls of acquirement
 23885 | D:8      | Acquired 1204 gold pieces
 23887 | D:8      | Acquired 607 gold pieces
 23899 | D:8      | Bought the ring "Xupaij" {Drain Will++ Str+6 Int+2} for
                  | 1056 gold pieces
 23899 | D:8      | Bought an amulet of magic regeneration for 570 gold pieces
 24032 | Lair:4   | Reached skill level 10 in Spellcasting
 24356 | Lair:4   | Found a blossoming altar of Fedhas.
 24383 | Lair:4   | Reached XP level 14. HP: 95/95 MP: 13/28
 24493 | Lair:4   | Found a runed translucent door.
 24498 | Lair:4   | Found a viscous altar of Jiyva.
 24500 | Lair:4   | Found a staircase to the Slime Pits.
 24912 | Lair:5   | Entered Level 5 of the Lair of Beasts
 25020 | Lair:5   | Reached skill level 3 in Evocations
 25428 | Lair:5   | Reached skill level 9 in Dodging
 25428 | Lair:5   | Reached skill level 4 in Shields
 25902 | Lair:5   | Reached skill level 4 in Evocations
 26280 | Lair:5   | Reached skill level 9 in Fighting
 26418 | Lair:5   | Reached skill level 13 in Stealth
 26425 | Lair:5   | Reached skill level 5 in Ranged Weapons
 26428 | Lair:5   | Reached skill level 13 in Conjurations
 27009 | Lair:5   | Reached skill level 5 in Evocations
 27128 | Lair:5   | Noticed a dire elephant
 27302 | Lair:5   | HP: 9/97 [dire elephant (35)]
 27669 | Lair:5   | Found the crystal ball of Wucad Mu {*channel}
 27829 | Lair:5   | Reached XP level 15. HP: 85/102 MP: 21/29
 27960 | Lair:5   | Identified the +6 dagger of War {freeze, Fragile Str-5
                  | Dex+8}
 28484 | Lair:4   | Upgraded the game from 0.31-a0-358-gac0dbeb3ab to
                  | 0.31-a0-360-gb3e1d13bf4
 28802 | D:10     | Learned a level 2 spell: Mercury Vapours
 29194 | D:11     | Reached skill level 6 in Ranged Weapons
 29369 | D:11     | Noticed Lodul
 29384 | D:11     | Killed Lodul
 29794 | D:11     | Noticed Josephine
 29803 | D:11     | Killed Josephine
 29804 | D:11     | Reached skill level 10 in Dodging
 30240 | D:12     | Reached skill level 14 in Stealth
 30250 | D:12     | Reached skill level 11 in Spellcasting
 30933 | D:12     | Reached skill level 10 in Fighting
 30986 | D:12     | Found a staircase to the Orcish Mines.
 31405 | D:12     | Noticed Kirke
 31420 | D:12     | Killed Kirke
 31676 | D:13     | Reached skill level 5 in Shields
 31799 | Orc:1    | Entered Level 1 of the Orcish Mines
 31839 | Orc:2    | Entered Level 2 of the Orcish Mines
 32328 | Orc:2    | Noticed an orc warlord
 32347 | Orc:2    | Killed an orc warlord
 32412 | Orc:2    | Found a staircase to the Elven Halls.
 32453 | Orc:2    | Reached skill level 7 in Ranged Weapons
 32761 | Orc:2    | Reached skill level 1 in Long Blades
 32922 | Orc:2    | Reached skill level 2 in Long Blades
 33000 | Orc:2    | Reached skill level 3 in Long Blades
 33016 | Orc:2    | Reached XP level 16. HP: 110/110 MP: 22/31
 33233 | Orc:2    | Reached skill level 4 in Long Blades
 33309 | Orc:2    | Found Esisov's Magic Scroll Emporium.
 33314 | Orc:2    | Bought a scroll of blinking for 112 gold pieces
 33314 | Orc:2    | Bought a scroll of noise for 15 gold pieces
 33317 | Orc:2    | Bought a scroll of identify for 30 gold pieces
 33330 | Orc:2    | Found Delot Laddo's Jewellery Boutique.
 33332 | Orc:2    | Found Biler's Antique Weapon Boutique.
 33501 | Orc:2    | Found Jischebia's General Store.
 33510 | Orc:2    | Bought a potion of heal wounds for 55 gold pieces
 33573 | Orc:2    | Reached skill level 8 in Hexes
 33819 | Orc:1    | Reached skill level 5 in Long Blades
 34186 | Orc:1    | Found a transporter.
 34186 | Orc:1    | Found an ornate altar of the Wu Jian Council.
 34464 | Orc:1    | Found a runed translucent door.
 34485 | Orc:1    | Noticed Gelion's ghost (journeyman TrSh)
 34514 | Orc:1    | Found an ornate altar of the Wu Jian Council.
 34515 | Orc:1    | Found a transporter.
 34594 | Orc:1    | Found a transporter.
 34601 | Orc:1    | Found a transporter.
 34830 | Orc:1    | Killed Gelion's ghost
 35637 | D:8      | Bought the amulet of Vitality {RegenMP++ Regen++} for 2100
                  | gold pieces
 35637 | D:8      | Found the amulet of Vitality {RegenMP++ Regen++}
 35889 | Elf:1    | Entered Level 1 of the Elven Halls
 35989 | Elf:1    | Reached skill level 6 in Long Blades
 36011 | Elf:1    | Reached skill level 1 in Shapeshifting
 36386 | Elf:1    | Reached skill level 2 in Shapeshifting
 36435 | Elf:1    | Reached skill level 7 in Long Blades
 36619 | Elf:1    | Found Nuan's Weapon Boutique.
 36785 | Elf:1    | Reached skill level 8 in Long Blades
 36785 | Elf:1    | Reached skill level 3 in Shapeshifting
 37144 | Elf:1    | Paralysed by an air elemental for 1 turns
 37149 | Elf:1    | Paralysed by an air elemental for 1 turns
 37296 | Elf:1    | Paralysed by an air elemental for 1 turns
 37301 | Elf:1    | Paralysed by an air elemental for 1 turns
 37345 | Elf:1    | Reached skill level 9 in Long Blades
 37397 | Elf:1    | Reached skill level 4 in Shapeshifting
 38005 | Elf:1    | HP: 26/110 [+4 long sword of freezing (2)]
 38182 | Elf:2    | Found a glowing golden altar of the Shining One.
 38182 | Elf:2    | Found a white marble altar of Elyvilon.
 38250 | Elf:2    | Found a glowing silver altar of Zin.
 38325 | Elf:2    | Reached skill level 10 in Long Blades
 38358 | Elf:2    | Reached XP level 17. HP: 116/116 MP: 28/32
 38398 | Elf:2    | Found Xulletad's Jewellery Boutique.
 38514 | Elf:3    | Entered Level 3 of the Elven Halls
 38703 | Elf:3    | Reached skill level 5 in Shapeshifting
 39177 | Elf:3    | Identified the +12 short sword of the Eternal Warrior
                  | {flame, rF+ rN+ Stlth-}
 39311 | Elf:3    | Reached skill level 11 in Long Blades
 39556 | Elf:3    | Noticed a deep elf blademaster
 39565 | Elf:3    | Killed a deep elf blademaster
 39566 | Elf:3    | Reached skill level 6 in Shapeshifting
 39595 | Elf:3    | Noticed a deep elf master archer
 39612 | Elf:3    | Killed a deep elf master archer
 39613 | Elf:3    | Reached skill level 12 in Long Blades
 39950 | Elf:3    | Identified the ring of the Wereyak {rF+ rN+ EV+5 Str+3}
 39950 | Elf:3    | Noticed a deep elf blademaster
 39972 | Elf:3    | Killed a deep elf blademaster
 40045 | Elf:3    | Identified the +2 broad axe of the Inferno {flame, rF+ rC+}
 40056 | Elf:3    | Reached skill level 13 in Long Blades
 40056 | Elf:3    | Reached skill level 7 in Shapeshifting
 40087 | Elf:3    | Identified the +3 scale mail of the Beggar {Dex+2}
 40087 | Elf:3    | Noticed a deep elf master archer
 40121 | Elf:3    | Killed a deep elf master archer
 40253 | Elf:3    | Identified the +0 glaive of Discord {elec, Str+3 Int+3}
 40320 | Elf:3    | Identified the +3 buckler of the Blue God {rC- rN++ Dex+6}
 40323 | Elf:3    | Identified the +5 arbalest "Roykim" {speed, Dex+4}
 40390 | Elf:3    | Identified the +1 scale mail "Haes" {Fly rPois rF+ Int-3}
 40420 | Elf:3    | Identified the +2 hand axe of the Beginning {speed, rF+
                  | rCorr MP+9 Dex-3}
 40779 | D:8      | Bought the Compilation of Ice for 400 gold pieces
 40785 | D:8      | Learned a level 5 spell: Freezing Cloud
 40870 | Spider:1 | Entered Level 1 of the Spider Nest
 40887 | Spider:1 | Reached skill level 1 in Ice Magic
 41121 | Spider:1 | Reached skill level 3 in Air Magic
 41121 | Spider:1 | Reached XP level 18. HP: 122/122 MP: 24/33
 41148 | Spider:1 | Reached skill level 2 in Ice Magic
 41484 | Spider:1 | Reached skill level 3 in Ice Magic
 41635 | Spider:1 | Reached skill level 4 in Air Magic
 42180 | Spider:2 | Noticed Aizul
 42192 | Spider:1 | Killed Aizul
 42193 | Spider:1 | Reached skill level 4 in Ice Magic
 42488 | Spider:2 | Reached skill level 5 in Air Magic
 42936 | Spider:2 | Reached skill level 5 in Ice Magic
 43424 | Spider:3 | Reached skill level 8 in Shapeshifting
 43495 | Spider:3 | Reached skill level 6 in Air Magic
 43861 | Spider:3 | Reached skill level 6 in Ice Magic
 44879 | Spider:3 | Reached skill level 7 in Air Magic
 45010 | Spider:4 | Entered Level 4 of the Spider Nest
 45200 | Spider:4 | Reached skill level 7 in Ice Magic
 45713 | Spider:4 | Reached skill level 8 in Air Magic
 45920 | Spider:4 | Reached XP level 19. HP: 127/127 MP: 34/34
 46039 | Spider:4 | Reached skill level 8 in Ice Magic
 46502 | Spider:4 | Reached skill level 9 in Air Magic
 46563 | Spider:4 | Identified the +1 hat of Veilu {rC+ Str+3}
 46583 | Spider:4 | Got a gossamer rune of Zot
 46968 | D:9      | Bought the Parchment of the Posthumous Shift for 476 gold
                  | pieces
 46974 | D:9      | Learned a level 5 spell: Irradiate
 47071 | D:8      | Bought Ozocubu's Autobiography for 240 gold pieces
 47075 | D:8      | Learned a level 3 spell: Ozocubu's Armour
 47271 | D:8      | Bought the ring of the Tempest {+Blink rElec rF+ Will+
                  | AC+4} for 1461 gold pieces
 47399 | Shoals:1 | Entered Level 1 of the Shoals
 47472 | Shoals:1 | Reached skill level 11 in Fighting
 47749 | Shoals:1 | Reached skill level 9 in Shapeshifting
 48385 | Shoals:1 | Noticed Nikola
 48412 | Shoals:1 | Killed Nikola
 48496 | Shoals:1 | Found a sacrificial altar of Ru.
 48503 | Shoals:1 | Reached skill level 6 in Shields
 48511 | Shoals:1 | Reached skill level 14 in Conjurations
 48521 | Shoals:1 | Reached skill level 15 in Stealth
 48613 | Shoals:2 | Noticed Polyphemus
 48613 | Shoals:2 | Noticed Roxanne
 48775 | Shoals:2 | Noticed Jorgrun
 48801 | Shoals:2 | Killed Jorgrun
 49000 | Shoals:2 | Killed Polyphemus
 49145 | Shoals:2 | Killed Roxanne
 49809 | Shoals:3 | Reached skill level 10 in Shapeshifting
 49924 | Shoals:3 | Reached XP level 20. HP: 135/135 MP: 35/35
 50828 | Shoals:4 | Entered Level 4 of the Shoals
 50830 | Shoals:4 | Found Giraef's Jewellery Shop.
 50864 | Shoals:4 | Reached skill level 11 in Shapeshifting
 51192 | Shoals:4 | Got Nutaydghe's Octavo of the Barrage
 51261 | Shoals:4 | Identified the +3 short sword "Gaiput" {heavy, Will+}
 51776 | Shoals:4 | Reached skill level 12 in Shapeshifting
 51814 | Shoals:4 | Got a barnacled rune of Zot
 53439 | D:13     | Reached skill level 13 in Shapeshifting
 53816 | D:13     | Found a gate to the Vaults.
 54464 | D:14     | Found a glowing silver altar of Zin.
 54794 | D:15     | Entered Level 15 of the Dungeon
 54797 | D:15     | Found Olec's Magic Scroll Shoppe.
 54808 | D:15     | Bought a scroll of teleportation for 48 gold pieces
 54932 | D:15     | Found Kummihat's Magic Scroll Boutique.
 54950 | D:15     | Bought a scroll of teleportation for 45 gold pieces
 54950 | D:15     | Bought a scroll of teleportation for 45 gold pieces
 54950 | D:15     | Bought a scroll of teleportation for 45 gold pieces
 55204 | D:15     | Found a staircase to the Depths.
 55316 | D:15     | Found a white marble altar of Elyvilon.
 55320 | D:15     | Noticed Rupert
 55638 | D:15     | Reached skill level 14 in Shapeshifting
 55919 | D:15     | Killed Rupert
 56025 | Vaults:1 | Entered Level 1 of the Vaults
 56170 | Vaults:1 | Paralysed by a formless jellyfish for 1 turns
 56174 | Vaults:1 | Reached XP level 21. HP: 98/140 MP: 34/36
 56801 | Vaults:1 | Found a runed translucent door.
 56801 | Vaults:1 | Noticed Joextigh's ghost (veteran KoHu)
 57446 | Vaults:2 | Reached skill level 15 in Shapeshifting
 57521 | Vaults:2 | Identified the ring of Umuyl {rPois Str+4}
 57562 | Vaults:2 | Reached skill level 11 in Dodging
 57801 | Vaults:2 | Found a staircase to the Crypt.
 57801 | Vaults:2 | Found a basalt altar of Yredelemnul.
 57802 | Vaults:2 | Found an ancient bone altar of Kikubaaqudgha.
 57831 | Vaults:2 | Noticed Bai Suzhen
 57842 | Vaults:2 | Killed Bai Suzhen
 57959 | Vaults:2 | Noticed Frederick
 57970 | Vaults:2 | Killed Frederick
 58013 | Vaults:2 | Noticed Sojobo
 58027 | Vaults:2 | Killed Sojobo
 58034 | Vaults:2 | Reached skill level 14 in Long Blades
 58120 | Vaults:2 | Reached skill level 7 in Shields
 58521 | Vaults:2 | Reached skill level 1 in Summonings
 58529 | Vaults:2 | Reached skill level 12 in Spellcasting
 59199 | Vaults:3 | Reached skill level 2 in Summonings
 59205 | Vaults:3 | Reached skill level 12 in Fighting
 59356 | Vaults:3 | Reached XP level 22. HP: 148/148 MP: 38/38
 59690 | Vaults:3 | Reached skill level 3 in Summonings
 60288 | Vaults:4 | Found Ynnylec's Magic Scroll Shop.
 60306 | Vaults:4 | Bought a scroll of teleportation for 63 gold pieces
 60306 | Vaults:4 | Bought a scroll of teleportation for 63 gold pieces
 60306 | Vaults:4 | Bought a scroll of fog for 84 gold pieces
 60362 | Vaults:4 | Reached skill level 8 in Shields
 60442 | Vaults:4 | Reached skill level 12 in Dodging
 60703 | Vaults:4 | Reached skill level 4 in Summonings
 60825 | Vaults:4 | Noticed Margery
 60961 | Vaults:4 | Reached skill level 15 in Conjurations
 61144 | Vaults:4 | Identified the +7 spear of Dishonesty {heavy, rC- rCorr
                  | Dex+2}
 61227 | Vaults:4 | Killed Margery
 61680 | Vaults:5 | Entered Level 5 of the Vaults
 61689 | Vaults:4 | Reached skill level 1 in Fire Magic
 61710 | Vaults:4 | Learned a level 4 spell: Airstrike
 61794 | Vaults:4 | Reached XP level 23. HP: 156/156 MP: 37/39
 61831 | Vaults:4 | Reached skill level 5 in Summonings
 61848 | Vaults:5 | Reached skill level 2 in Fire Magic
 62059 | Vaults:4 | Reached skill level 15 in Long Blades
 62093 | Vaults:5 | Noticed an ancient lich
 62121 | Vaults:4 | Killed an ancient lich
 62122 | Vaults:4 | Reached skill level 13 in Fighting
 62122 | Vaults:4 | Reached skill level 9 in Shields
 62318 | Vaults:5 | Reached skill level 3 in Fire Magic
 62330 | Vaults:5 | Reached skill level 13 in Spellcasting
 62340 | Vaults:5 | Killed an ancient lich
 62466 | Vaults:5 | Got the Secrets of Changing Charms
 62467 | Vaults:5 | Identified the +1 morningstar of Qazlal's Approval {freeze,
                  | Str+4 Stlth+}
 62487 | Vaults:5 | Noticed a golden dragon
 62507 | Vaults:5 | Killed a golden dragon
 62572 | Vaults:5 | Noticed a golden dragon
 62748 | Vaults:5 | Identified the staff "Ytsud" {*Slow rElec rF- rCorr Fire
                  | Air}
 62848 | Vaults:5 | Identified the +1 triple sword of Royalism {protect, rF-
                  | Int+4 Dex+2}
 62864 | Vaults:5 | Got the Omnibus of the Horrible Stinger
 62868 | Vaults:5 | Identified the +0 orcbow of Objectivity {drain, rC+ rN+}
 63073 | Vaults:5 | Killed a golden dragon
 63074 | Vaults:5 | Reached skill level 6 in Summonings
 63086 | Vaults:5 | Learned a level 7 spell: Spellforged Servitor
 63221 | Vaults:5 | Noticed a dread lich
 63230 | Vaults:5 | Identified the amulet "Ceipin" {Reflect rElec SH+5}
 63480 | Vaults:5 | Got a silver rune of Zot
 63827 | Crypt:1  | Entered Level 1 of the Crypt
 63864 | Crypt:1  | Reached skill level 16 in Shapeshifting
 63889 | Crypt:1  | Reached skill level 4 in Fire Magic
 63910 | Crypt:1  | Reached skill level 13 in Dodging
 64249 | Crypt:1  | Found a runed translucent door.
 64250 | Crypt:1  | Noticed an ancient lich
 64547 | Crypt:2  | Reached skill level 7 in Summonings
 64579 | Crypt:2  | Noticed Saint Roka
 64589 | Crypt:2  | Killed Saint Roka
 64660 | Crypt:2  | Reached XP level 24. HP: 163/163 MP: 40/40
 64695 | Crypt:2  | Noticed Xtahua
 64704 | Crypt:2  | Killed Xtahua
 65336 | Crypt:3  | Entered Level 3 of the Crypt
 65770 | Crypt:3  | Reached skill level 10 in Shields
 65770 | Crypt:3  | Reached skill level 5 in Fire Magic
 66090 | Crypt:3  | Reached skill level 8 in Summonings
 66096 | Crypt:3  | Found a staircase to the Tomb.
 66517 | Crypt:3  | Reached skill level 16 in Conjurations
 66806 | Crypt:3  | Noticed a dread lich
 66815 | Crypt:3  | Killed a dread lich
 66816 | Crypt:3  | Reached skill level 14 in Fighting
 66836 | Crypt:3  | Found a basalt altar of Yredelemnul.
 66903 | Crypt:3  | Identified the +1 robe of Danixese {rF+ Will+ Regen+ SInv}
 67315 | D:8      | Learned a level 6 spell: Plasma Beam
 67556 | Depths:1 | Entered Level 1 of the Depths
 67582 | Depths:1 | Reached skill level 6 in Fire Magic
 67611 | Depths:1 | Paralysed by a floating eye for 3 turns
 67619 | Depths:1 | Reached skill level 16 in Long Blades
 67804 | Depths:1 | Found a one-way gate to the infinite horrors of the Abyss.
 68128 | Depths:1 | Found a gateway to Hell.
 68171 | Depths:1 | Identified the +6 longbow of Loyxunwa {antimagic, Str+3}
 68368 | Depths:1 | Reached skill level 14 in Spellcasting
 68380 | Depths:2 | Found a one-way gateway to a ziggurat.
 68404 | Depths:2 | Reached skill level 14 in Dodging
 68415 | Depths:2 | Reached XP level 25. HP: 172/172 MP: 40/41
 68515 | Depths:2 | Found a one-way gate leading to the halls of Pandemonium.
 68645 | Depths:2 | Noticed Louise
 68651 | Depths:2 | Killed Louise
 68758 | Depths:2 | Reached skill level 11 in Shields
 68992 | Depths:2 | Found a glowing silver altar of Zin.
 68995 | Depths:2 | Noticed an ancient lich
 69006 | Depths:2 | Killed an ancient lich
 69007 | Depths:2 | Reached skill level 7 in Fire Magic
 69396 | Depths:3 | Noticed a juggernaut
 69409 | Depths:3 | Killed a juggernaut
 69494 | Depths:3 | Identified the +2 leather armour of the Dice {Contam Dex+7}
 69533 | Depths:3 | Identified the scarf of the Living Merwolf {shadows, Fly
                  | rPois rC+ Slay-3}
 70032 | Depths:3 | Identified the +0 short sword of Ashenzari {heavy, Dex+5}
 70402 | Depths:4 | Entered Level 4 of the Depths
 70414 | Depths:4 | Noticed a juggernaut
 70419 | Depths:4 | Reached skill level 9 in Summonings
 70431 | Depths:3 | Killed a juggernaut
 70724 | Depths:4 | Found Yxkeqav's Antique Weapon Shop.
 70727 | Depths:4 | Found Farghahar's Jewellery Shop.
 70727 | Depths:4 | Found Nualaipp's Antique Armour Boutique.
 70743 | Depths:4 | Found Ycwythrin's General Store.
 70749 | Depths:4 | Bought a potion of resistance for 140 gold pieces
 70872 | Depths:4 | Reached skill level 15 in Fighting
 70920 | Depths:4 | Found a sparkling altar of Nemelex Xobeh.
 70978 | Depths:4 | Found a gate to the Realm of Zot.
 70986 | Depths:4 | Reached skill level 8 in Fire Magic
 71426 | Depths:4 | Upgraded the game from 0.31-a0-360-gb3e1d13bf4 to
                  | 0.31-a0-365-gcf821cafb2
 71790 | D:3      | Killed Terence
 72412 | Vaults:1 | Killed Joextigh's ghost
 73439 | Zot:1    | Entered Level 1 of the Realm of Zot
 73622 | Zot:1    | Reached XP level 26. HP: 180/180 MP: 40/41
 73706 | Zot:1    | Reached skill level 17 in Conjurations
 73748 | Zot:1    | Reached skill level 12 in Shields
 74449 | Zot:2    | Reached skill level 15 in Dodging
 74774 | Zot:2    | Reached skill level 10 in Summonings
 75113 | Zot:2    | Reached skill level 16 in Stealth
 75225 | Zot:3    | Reached skill level 9 in Fire Magic
 75266 | Zot:3    | Reached skill level 15 in Spellcasting
 76230 | Hell     | Entered the Vestibule of Hell
 76234 | Hell     | Noticed Geryon
 76323 | Depths:1 | Reached XP level 27. HP: 189/189 MP: 41/42
 76491 | Depths:1 | Reached skill level 17 in Shapeshifting
 76583 | Depths:1 | Reached skill level 13 in Shields
 76588 | Depths:1 | Reached skill level 16 in Fighting
 76649 | Depths:1 | Reached skill level 17 in Stealth
 76904 | Hell     | Killed Geryon
 76905 | Hell     | Reached skill level 10 in Fire Magic
 77004 | Hell     | Found a gateway to the Iron City of Dis.
 77120 | Hell     | Found a gateway to the decaying netherworld of Tartarus.
 77225 | Hell     | Found a gateway to the freezing wastes of Cocytus.
 77315 | Hell     | Found a gateway to the ashen valley of Gehenna.
 77371 | Coc:1    | Entered Level 1 of Cocytus
 77737 | Coc:2    | Paralysed by a wendigo for 1 turns
 77748 | Coc:2    | Paralysed by a wendigo for 1 turns
 77900 | Coc:3    | Reached skill level 16 in Dodging
 78069 | Coc:4    | Reached skill level 18 in Conjurations
 78249 | Pan      | Entered Pandemonium
 78418 | Pan      | Noticed Qixkoavoda the pandemonium lord
 78516 | Pan      | Upgraded the game from 0.31-a0-365-gcf821cafb2 to
                  | 0.31-a0-369-g8eba5f6939
 78982 | Pan      | Reached skill level 18 in Stealth
 79172 | Pan      | Found a runed translucent door.
 79187 | Pan      | Got a demonic rune of Zot
 79403 | Pan      | Noticed Buuj the pandemonium lord
 79426 | Pan      | Killed Buuj the pandemonium lord
 79613 | Pan      | Reached skill level 16 in Spellcasting
 79630 | Pan      | Reached skill level 11 in Fire Magic
 79970 | Pan      | Entered the realm of Mnoleg.
 79974 | Pan      | Gained mutation: You are dopey. (Int -2) [a neqoxec]
 80011 | Pan      | Reached skill level 14 in Shields
 80057 | Pan      | Gained mutation: You are frail. (-10% HP) [a neqoxec]
 80403 | Pan      | Got the Grimoire of Breccia
 80455 | Pan      | Identified the +0 ring mail of Generosity {Harm rN++ SInv
                  | Stlth+}
 80471 | Pan      | Noticed Mnoleg
 80607 | Pan      | Gained mutation: You occasionally shout uncontrollably at
                  | your foes. [a cacodemon]
 80642 | Pan      | Killed Mnoleg
 80719 | Pan      | Got a glowing rune of Zot
 80873 | Pan      | Reached skill level 17 in Fighting
 80986 | Pan      | Upgraded the game from 0.31-a0-369-g8eba5f6939 to
                  | 0.31-a0-408-gb642c7f9a3
 80991 | Pan      | Found an exit through the horrors of the Abyss.
 81049 | Pan      | Noticed Ymykkel the pandemonium lord
 81076 | Pan      | Killed Ymykkel the pandemonium lord
 81800 | Pan      | Noticed Eghyent the pandemonium lord
 81822 | Pan      | Killed Eghyent the pandemonium lord
 81884 | Pan      | Found an exit through the horrors of the Abyss.
 81962 | Pan      | Gained mutation: You occasionally lose the ability to drink
                  | potions when taking damage. [a cacodemon]
 82076 | Pan      | Reached skill level 19 in Stealth
 82099 | Pan      | Found a runed translucent door.
 82465 | Pan      | Noticed Qops the pandemonium lord
 82469 | Pan      | Killed Qops the pandemonium lord
 82563 | Pan      | Reached skill level 11 in Summonings
 83061 | Pan      | Reached skill level 18 in Shapeshifting
 83144 | Pan      | Noticed Buenk the pandemonium lord
 83167 | Pan      | Killed Buenk the pandemonium lord
 83757 | Pan      | Found an exit through the horrors of the Abyss.
 84492 | Pan      | Took an exit into the Abyss.
 84492 | Abyss:1  | Escaped into the Abyss
 84556 | Abyss:1  | Reached skill level 19 in Shapeshifting
 84603 | Abyss:2  | Found a corrupted altar of Lugonu.
 84707 | Abyss:2  | Gained mutation: You are very dopey. (Int -4) [a cacodemon]
 84882 | Abyss:2  | Reached skill level 17 in Dodging
 84989 | Abyss:3  | Found a corrupted altar of Lugonu.
 85302 | Abyss:3  | Gained mutation: Your spells are a little easier to cast,
                  | but a little less powerful. [a neqoxec]
 85307 | Depths:2 | Escaped the Abyss
 85593 | D:8      | Bought a translucent iron ring for 170 gold pieces
 85593 | D:8      | Identified the ring "Yhoiw" {*Corrode rF+ Dex+3 Stlth+}
                  | (You bought it in a shop on level 8 of the Dungeon)
 85625 | D:8      | Bought a steaming tower shield for 275 gold pieces
 85625 | D:8      | Identified the +1 tower shield "Lakuham" {Harm Dex+3} (You
                  | bought it in a shop on level 8 of the Dungeon)
 86138 | Coc:4    | Paralysed by a wendigo for 1 turns
 86358 | Hell     | Paralysed by a wendigo for 1 turns
 86408 | Tar:1    | Entered Level 1 of Tartarus
 86484 | Dis:1    | Entered Level 1 of the Iron City of Dis
 86599 | Dis:1    | Reached skill level 19 in Conjurations
 86909 | Geh:1    | Entered Level 1 of Gehenna
 86944 | Geh:1    | Reached skill level 3 in Polearms
 86944 | Geh:1    | Reached skill level 15 in Shields
 87251 | Geh:2    | Reached skill level 4 in Polearms
 87578 | Geh:3    | Reached skill level 5 in Polearms
 87834 | Geh:4    | Reached skill level 20 in Stealth
 87860 | Geh:4    | Reached skill level 6 in Polearms
 88291 | Geh:6    | HP: 51/227 [??? (12)]
 88433 | Hell     | Reached skill level 7 in Polearms
 88433 | Hell     | Reached skill level 17 in Spellcasting
 88853 | Slime:1  | Entered Level 1 of the Pits of Slime
 88918 | Slime:2  | Noticed Dissolution
 88926 | Slime:2  | Killed Dissolution
 88927 | Slime:2  | Reached skill level 12 in Fire Magic
 89099 | Slime:4  | Reached skill level 13 in Fire Magic
 89190 | Slime:5  | Entered Level 5 of the Pits of Slime
 89518 | Slime:5  | Reached skill level 14 in Fire Magic
 89628 | Slime:5  | Noticed the Royal Jelly
 89635 | Slime:5  | Killed the Royal Jelly
 89686 | Slime:5  | Found the ring of the Mage {Wiz Archmagi}
 89708 | Slime:5  | Got a slimy rune of Zot
 89778 | Slime:5  | Identified the staff "Xeequpp" {rN+ Will++ rCorr Int+4
                  | Dex-4 Necro}
 89850 | Slime:5  | Got the Anthology of the Birds and Topomancy
 89854 | Slime:5  | Identified the +4 trident of the Gloaming {speed, rF+
                  | Str+3}
 89873 | Slime:5  | Identified the +8 sling of Resourcefulness {elec, Str+3
                  | Int+3 Dex+3}
 89875 | Slime:5  | Identified the +7 mace "Aqegh" {heavy, rPois Str+3}
 89876 | Slime:5  | Identified the +5 orcbow of Defence {flame, rElec rF+
                  | Will+}
 89911 | Slime:5  | Identified the +10 dagger "Lasoneune" {freeze, Will+}
 90377 | Depths:1 | Voluntarily entered the Abyss.
 90402 | Abyss:3  | Reached skill level 15 in Fire Magic
 90490 | Abyss:3  | Found a corrupted altar of Lugonu.
 90526 | Abyss:3  | Reached skill level 16 in Fire Magic
 90528 | Abyss:3  | Paralysed by accursed screaming for 1 turns
 90871 | Abyss:3  | Learned a level 8 spell: Ignition
 91051 | Abyss:3  | Reached skill level 17 in Fire Magic
 91054 | Abyss:3  | Gained mutation: Your body sometimes deteriorates upon
                  | taking damage. [a neqoxec]
 91133 | Abyss:3  | Reached skill level 18 in Fire Magic
 91162 | Abyss:3  | Identified the +0 tower shield "Jiumazxall" {Harm rPois}
 91314 | Abyss:3  | Reached skill level 19 in Fire Magic
 91343 | Abyss:3  | Paralysed by accursed screaming for 1 turns
 91394 | Abyss:4  | Got an abyssal rune of Zot
 91466 | Depths:1 | Escaped the Abyss
 91771 | Tomb:1   | Entered Level 1 of the Tomb of the Ancients
 92157 | Tomb:1   | Reached skill level 18 in Fighting
 92408 | Tomb:1   | Noticed a royal mummy
 92426 | Tomb:1   | Killed a royal mummy
 92680 | Tomb:1   | Upgraded the game from 0.31-a0-408-gb642c7f9a3 to
                  | 0.31-a0-431-g88bdf31460
 92801 | Tomb:2   | Noticed a royal mummy
 92801 | Tomb:2   | Noticed a royal mummy
 92802 | Tomb:2   | Noticed a royal mummy
 92802 | Tomb:2   | Noticed a royal mummy
 92812 | Tomb:2   | Killed a royal mummy
 92815 | Tomb:2   | Killed a royal mummy
 92815 | Tomb:2   | Killed a royal mummy
 92815 | Tomb:2   | Killed a royal mummy
 92816 | Tomb:2   | Reached skill level 17 in Long Blades
 92816 | Tomb:2   | Reached skill level 20 in Shapeshifting
 92908 | Tomb:2   | Paralysed by a Zot trap for 5 turns
 93361 | Tomb:1   | Noticed a royal mummy
 93361 | Tomb:1   | Noticed a royal mummy
 93365 | Tomb:1   | Noticed a royal mummy
 93366 | Tomb:1   | Noticed a royal mummy
 93369 | Tomb:1   | Killed a royal mummy
 93371 | Tomb:1   | Killed a royal mummy
 93372 | Tomb:1   | Noticed a royal mummy
 93373 | Tomb:1   | Noticed a royal mummy
 93374 | Tomb:1   | Killed a royal mummy
 93374 | Tomb:1   | Killed a royal mummy
 93374 | Tomb:1   | Noticed a royal mummy
 93376 | Tomb:1   | Killed a royal mummy
 93376 | Tomb:1   | Noticed a royal mummy
 93378 | Tomb:1   | Noticed a royal mummy
 93380 | Tomb:1   | Killed a royal mummy
 93381 | Tomb:1   | Killed a royal mummy
 93383 | Tomb:1   | Killed a royal mummy
 93388 | Tomb:1   | Killed a royal mummy
 93526 | Tomb:1   | Noticed a royal mummy
 93530 | Tomb:1   | Noticed a royal mummy
 93540 | Tomb:1   | Killed a royal mummy
 93540 | Tomb:1   | Killed a royal mummy
 93550 | Tomb:1   | Noticed a royal mummy
 93559 | Tomb:1   | Killed a royal mummy
 93590 | Tomb:1   | Noticed a royal mummy
 93597 | Tomb:1   | Noticed a royal mummy
 93599 | Tomb:1   | Killed a royal mummy
 93600 | Tomb:1   | Reached skill level 21 in Shapeshifting
 93606 | Tomb:1   | Noticed a royal mummy
 93608 | Tomb:1   | Noticed a royal mummy
 93611 | Tomb:1   | Noticed a royal mummy
 93612 | Tomb:1   | Killed a royal mummy
 93612 | Tomb:1   | Killed a royal mummy
 93612 | Tomb:1   | Noticed a royal mummy
 93613 | Tomb:1   | Reached skill level 12 in Summonings
 93614 | Tomb:1   | Killed a royal mummy
 93614 | Tomb:1   | Noticed a royal mummy
 93615 | Tomb:1   | Killed a royal mummy
 93616 | Tomb:1   | Noticed a royal mummy
 93616 | Tomb:1   | Noticed a royal mummy
 93627 | Tomb:1   | Killed a royal mummy
 93627 | Tomb:1   | Killed a royal mummy
 93642 | Tomb:1   | Killed a royal mummy
 93657 | Tomb:1   | Killed a royal mummy
 94469 | D:10     | Bought the ring of Vyal {Fire rElec Will+ Int+2} for 488
                  | gold pieces
 94601 | D:8      | Bought a scroll of acquirement for 676 gold pieces
 94601 | D:8      | Acquired the ring "Zoynydd" {+Blink rPois rF+++ AC+4 Str-4}
 94921 | Tar:1    | Reached skill level 18 in Dodging
 94923 | Tar:1    | Reached skill level 21 in Stealth
 94926 | Tar:1    | Reached skill level 6 in Evocations
 96162 | Tar:5    | Reached skill level 7 in Evocations
 96216 | Tar:5    | Reached skill level 16 in Shields
 96228 | Tar:5    | Reached skill level 20 in Conjurations
 96757 | Tar:7    | Entered Level 7 of Tartarus
 96874 | Tar:7    | Reached skill level 19 in Fighting
 96963 | Tar:7    | Reached skill level 8 in Evocations
 97120 | Tar:7    | Reached skill level 18 in Long Blades
 97175 | Tar:7    | Reached skill level 18 in Spellcasting
 97176 | Tar:7    | Noticed an ancient lich
 97185 | Tar:7    | Noticed a dread lich
 97188 | Tar:7    | Killed an ancient lich
 97188 | Tar:7    | Noticed an ancient lich
 97189 | Tar:7    | Reached skill level 22 in Stealth
 97297 | Tar:7    | Noticed a dread lich
 97303 | Tar:7    | Killed a dread lich
 97430 | Tar:7    | Noticed the Serpent of Hell
 97439 | Tar:7    | Killed the Serpent of Hell
 97446 | Tar:7    | Reached skill level 9 in Evocations
 97570 | Tar:7    | Killed a dread lich
 97595 | Tar:7    | Killed an ancient lich
 97596 | Tar:7    | Reached skill level 19 in Dodging
 97752 | Tar:7    | Identified the +1 chain mail "Xuecwiad" {Regen+ Int+3
                  | Slay-4}
 97791 | Tar:7    | Noticed Ereshkigal
 97804 | Tar:7    | Killed Ereshkigal
 97918 | Tar:7    | Identified the +3 war axe of the Yoke {protect, rCorr
                  | Str+2}
 98114 | Tar:7    | Identified the ring "Mulytt" {rElec MP+9 Int+6 Dex-4 SInv}
 98126 | Tar:7    | Identified the +11 halberd of Nishrotea {antimagic, Dex+2}
 98164 | Tar:7    | Got a bone rune of Zot
 98444 | Geh:6    | HP: 37/167 [??? (7)]
 98449 | Geh:6    | HP: 34/178 [balrug/divine providence (11)]
 98451 | Geh:6    | Upgraded the game from 0.31-a0-431-g88bdf31460 to
                  | 0.31-a0-455-g1a7b003ef0
 98493 | Geh:6    | HP: 41/200 [Brimstone Fiend/damnation (27)]
 98799 | Geh:7    | Entered Level 7 of Gehenna
 98952 | Geh:7    | Reached skill level 17 in Shields
 99074 | Geh:7    | Reached skill level 10 in Evocations
 99386 | Geh:7    | Found the +13 sceptre of Asmodeus
 99386 | Geh:7    | Noticed Asmodeus
 99446 | Geh:7    | Upgraded the game from 0.31-a0-455-g1a7b003ef0 to
                  | 0.31-a0-523-g071a6c1ffa
 99458 | Geh:7    | HP: 51/234 [balrug/divine providence[Asmodeus] (16)]
 99465 | Geh:7    | HP: 49/234 [hellion/damnation[Asmodeus] (21)]
 99474 | Geh:7    | HP: 40/234 [Brimstone Fiend/damnation[Asmodeus] (44)]
 99476 | Geh:7    | Lost mutation: Your body sometimes deteriorates upon taking
                  | damage. [mutagenic glow]
 99479 | Geh:7    | HP: 50/351 [Asmodeus] (1)]
 99484 | Geh:7    | HP: 28/351 [Asmodeus] (1)]
 99488 | Geh:7    | HP: 12/351 [balrug/divine providence[Asmodeus] (16)]
 99489 | Geh:7    | Killed Asmodeus
 99603 | Geh:7    | Got an obsidian rune of Zot
 99668 | Geh:7    | Reached skill level 23 in Stealth
100731 | Coc:5    | Reached skill level 20 in Fighting
100808 | Coc:5    | You fall into a shaft and drop 1 floor!
100808 | Coc:6    | Noticed a dread lich
100814 | Coc:6    | Reached skill level 21 in Conjurations
100815 | Coc:6    | Reached skill level 19 in Long Blades
100816 | Coc:6    | Killed a dread lich
100818 | Coc:6    | Reached skill level 22 in Shapeshifting
101083 | Coc:7    | Entered Level 7 of Cocytus
101448 | Coc:7    | Paralysed by a wendigo for 1 turns
101610 | Coc:7    | Reached skill level 19 in Spellcasting
101646 | Coc:7    | Paralysed by a wendigo for 1 turns
101697 | Coc:7    | Identified the ring of Yredelemnul's Wrath {rF++ AC+4
                  | Slay+3}
102061 | Coc:7    | Paralysed by a wendigo for 1 turns
102089 | Coc:7    | Reached skill level 20 in Dodging
102097 | Coc:7    | Reached skill level 24 in Stealth
102424 | Coc:7    | Identified the staff of Joyful Slaughter {rF+ rN+ Will+
                  | Str+4 Dex-5 Necro}
102424 | Coc:7    | Noticed Antaeus
102453 | Coc:7    | Killed Antaeus
102501 | Coc:7    | Reached skill level 18 in Shields
102527 | Coc:7    | Got an icy rune of Zot
102613 | Hell     | Upgraded the game from 0.31-a0-523-g071a6c1ffa to
                  | 0.31-a0-532-g28f74ba3e5
102772 | D:15     | Bought a scroll of enchant armour for 120 gold pieces
102772 | D:15     | Bought 2 scrolls of enchant armour for 240 gold pieces
103115 | Orc:2    | Bought a scroll of enchant armour for 112 gold pieces
103115 | Orc:2    | Bought a scroll of blinking for 112 gold pieces
104108 | Depths:2 | Learned a level 8 spell: Lehudib's Crystal Spear
104110 | Pan      | Entered Pandemonium
104224 | Pan      | Reached skill level 1 in Earth Magic
104236 | Pan      | Reached skill level 2 in Earth Magic
104322 | Pan      | Gained mutation: You have very sharp teeth. [a cacodemon]
104323 | Pan      | Reached skill level 3 in Earth Magic
104323 | Pan      | Gained mutation: You are vulnerable to cold. (rC-) [a
                  | cacodemon]
104333 | Pan      | Reached skill level 4 in Earth Magic
104344 | Pan      | Noticed Mennas
104352 | Pan      | Upgraded the game from 0.31-a0-532-g28f74ba3e5 to
                  | 0.31-a0-544-gceb718ecc6
104357 | Pan      | Killed Mennas
104358 | Pan      | Reached skill level 5 in Earth Magic
104404 | Pan      | Identified the +8 plate armour "Sudung Piuku" {rElec rN+
                  | Str-4 Int+2}
104636 | Pan      | Found an exit through the horrors of the Abyss.
104985 | Pan      | Identified the +5 scimitar "Muor Egu" {freeze, Int+5}
105307 | Pan      | Noticed Suxzoic the pandemonium lord
105332 | Pan      | Killed Suxzoic the pandemonium lord
105511 | Pan      | Found an exit through the horrors of the Abyss.
106844 | Pan      | Noticed Bisoatuw the pandemonium lord
106854 | Pan      | Killed Bisoatuw the pandemonium lord
106902 | Pan      | HP: 42/183 [demonspawn warmonger/+1 demon trident of
                  | freezing (21)]
106905 | Pan      | HP: 15/183 [demonspawn blood saint/iceblast (9)]
106913 | Pan      | HP: 44/183 [demonspawn blood saint/fireball (2)]
107061 | Pan      | Gained mutation: You are vulnerable to heat. (rF-) [a
                  | cacodemon]
107088 | Pan      | Reached skill level 24 in Shapeshifting
107088 | Pan      | Upgraded the game from 0.31-a0-544-gceb718ecc6 to
                  | 0.31-a0-744-gbc345e7fcb
107105 | Pan      | Reached skill level 11 in Evocations
107180 | Pan      | Gained mutation: You are very frail. (-20% HP) [a
                  | cacodemon]
107561 | Pan      | Upgraded the game from 0.31-a0-744-gbc345e7fcb to
                  | 0.31-a0-981-geadf994542
107561 | Pan      | Upgraded the game from 0.31-a0-981-geadf994542 to
                  | 0.32-a0-898-g7811c86cf0
107808 | Depths:2 | Escaped Pandemonium
108070 | Zot:3    | Reached skill level 20 in Long Blades
108296 | Zot:4    | Reached skill level 21 in Fighting
108423 | Zot:4    | Reached skill level 25 in Stealth
108520 | Zot:4    | Reached skill level 13 in Summonings
109019 | Zot:5    | Entered Level 5 of the Realm of Zot
109106 | Zot:5    | Noticed an orb of fire
109112 | Zot:5    | Gained mutation: You are extremely frail. (-30% HP) [an orb
                  | of fire]
109113 | Zot:5    | Gained mutation: Your magical capacity is low. (-10% MP)
                  | [an orb of fire]
109117 | Zot:5    | Killed an orb of fire
109118 | Zot:5    | Reached skill level 6 in Earth Magic
109242 | Zot:5    | Reached skill level 22 in Conjurations
109577 | Zot:5    | Noticed a dread lich
109582 | Zot:5    | Killed a dread lich
109585 | Zot:5    | Noticed an orb of fire
109585 | Zot:5    | Noticed an orb of fire
109589 | Zot:5    | Killed an orb of fire
109597 | Zot:5    | Noticed an orb of fire
109598 | Zot:5    | Killed an orb of fire
109599 | Zot:5    | Noticed an orb of fire
109625 | Zot:5    | Noticed a dread lich
109634 | Zot:5    | Killed a dread lich
109636 | Zot:5    | Noticed an orb of fire
109643 | Zot:5    | Killed an orb of fire
109649 | Zot:5    | Reached skill level 12 in Evocations
109656 | Zot:5    | Noticed an orb of fire
109664 | Zot:5    | Killed an orb of fire
109668 | Zot:5    | Reached skill level 7 in Earth Magic
109685 | Zot:5    | Got the Orb of Zot
109731 | Zot:5    | Noticed a dread lich
109738 | Zot:5    | Killed an orb of fire
109741 | Zot:5    | Killed a dread lich
109975 | D:15     | Reached skill level 19 in Shields
110253 | D:3      | Noticed a seraph
110290 | D:1      | Noticed Noskiusk the pandemonium lord
110322 | D:$      | Escaped with the Orb!

Illustrated notes

Levels and vault maps discovered:
D:1:      eino_arrival_druids_welcome, layout_basic,
          ebering_ecumenical_altar_sacrificial
D:2:      layout_basic, basic_altar
D:3:      layout_rooms, mainiacjoe_overflow_small_starburst,
          mainiacjoe_overflow_catwalk, uniq_terence
D:4:      layout_gridville, portal_sewer_entry_d
D:5:      layout_loops_ring, fedhas_altar_2,
          nicolae_kikubaaqudgha_miasma_corner, lemuel_coloured_pillars_altar,
          minmay_temple_entry_stoned_glass, uniq_sigmund
D:6:      layout_basic, mainiacjoe_overflow_alcove_1, yredelemnul_altar_generic,
          uniq_grinder
D:7:      layout_basic, nicolae_gozag_seed_capital
D:8:      layout_basic, mainiacjoe_overflow_alcove_4, david_lair_shrubbed
D:9:      layout_layer_cave, lemuel_doored_altar, mainiacjoe_overflow_chevrons,
          mainiacjoe_overflow_brackets, serial_shops, shop,
          minmay_misc_feat_rows
D:10:     kennysheep_kobold_lugonu_temple, layout_rooms,
          nzn_makhleb_speed_demon, gammafunk_temple_overflow_pools,
          nicolae_shop_unique_rings, nicolae_nh_ransacked_shop, uniq_snorg,
          uniq_psyche
D:11:     layout_roguey [special_room_bee], uniq_lodul, uniq_josephine
D:12:     layout_roguey, david_orc_5, special_room [special_room_orc],
          uniq_kirke
D:13:     minmay_the_grid_square_5x5_4x4
          [minmay_the_grid_square_5x5_three_small,
          minmay_the_grid_square_5x5_one_wall,
          minmay_the_grid_square_5x5_detours,
          minmay_the_grid_square_5x5_two_small,
          minmay_the_grid_square_5x5_trominoes,
          minmay_the_grid_square_5x5_prize_waves,
          minmay_the_grid_square_5x5_prize_itemx,
          minmay_the_grid_square_5x5_shuriken,
          minmay_the_grid_square_5x5_moneybag,
          minmay_the_grid_square_5x5_prize_rear_guard,
          minmay_the_grid_square_5x5_prize_open,
          minmay_the_grid_square_5x5_percent, minmay_the_grid_square_5x5_six,
          minmay_the_grid_square_5x5_pentomino_r,
          minmay_the_grid_square_5x5_broken_cross,
          minmay_the_grid_square_5x5_minimal], layout_cave_pods,
          ximxim_vaults_locker_room, wad_mini_maze
D:14:     layout_loops_ring, zin_angel
D:15:     hangedman_depths_entry_try_elsewhere_first, layout_basic,
          serial_shops, shop, shop, elyvilon_altar_4, uniq_rupert
Temple:   nicolae_temple_bog_church
Lair:1:   layout_loops_ring, minmay_holes, grunt_megastairs_1
Lair:2:   layout_misc_corridors, elwin_shoals_entry_stream, dummy_spider_entry
Lair:3:   layout_chaotic_city, portal_ice_cave_rime, minivault_25,
          infiniplex_staircase_pool
Lair:4:   layout_hall_layers, slime_entry_2, hangedman_tree_tricks,
          lemuel_fruit_fields
Lair:5:   hangedman_lair_caniforms_friends, layout_cave_pods,
          hangedman_lair_in_review, wad_woods_road_05
Shoals:1: cheibrodos_shoals_baths, layout_shoals, wheals_shoals_ruined_temple,
          uniq_nikola
Shoals:2: layout_shoals, uniq_polyphemus, uniq_roxanne, uniq_jorgrun
Shoals:3: layout_shoals, nicolae_shoals_bring_sunscreen
Shoals:4: shoals_end_grunt_garden, layout_shoals, serial_shops,
          nicolae_shop_crystal
Spider:1: layout_cave_pods
Spider:2: layout_spider_delve, uniq_aizul
Spider:3: mumra_spider_spiderweb, spiders_nest_spider_trap
Spider:4: floodkiller_spider_rune_tomb
Slime:1:  layout_caves
Slime:2:  layout_caves, dissolution_awaits
Slime:3:  layout_caves, uniq_dissolution
Slime:4:  layout_caves
Slime:5:  slime_pit_nicolae_trefoil
Orc:1:    dreamdust_wu_jian_sword_trials, layout_caves,
          ebering_ghost_reflecting_pool, lemuel_statue_altar
Orc:2:    hellmonk_orc_salted, layout_diamond_mine, elf_legates
Elf:1:    elf_arrival_001, layout_geoelf_grid, serial_shops, shop, minivault_28,
          nicolae_elf_loose_elemental_storage
Elf:2:    elven_hall_of_blades_hangedman_original [nooodl_blade_entry_preview],
          layout_geoelf_grid, enter_trove_5,
          portal_desolation_entry_holy_temple, minmay_shop_enchanted_jewellery
Elf:3:    minmay_elf_hall_furrowed, layout_geoelf_octagon
Vaults:1: gammafunk_ghost_grave, vaults_room_corners,
          nicolae_vaults_storage_room_doors, nicolae_vaults_storage_closets_2,
          nicolae_vaults_more_shelving_1, vaults_dpeg_encased_lava,
          nicolae_vaults_diamond_2, layout_vaults_quadrants
Vaults:2: minmay_crypt_entry_necro_gods, nicolae_vaults_sesquioval_fish,
          nicolae_vaults_spaceships, nicolae_vaults_tangram_1,
          grunt_vaults_funnel, vaults_room_stairs_pillars,
          nicolae_vaults_tangram_1, sword_in_stone,
          nicolae_vaults_network_periphery, nicolae_vaults_tetromino_T_1,
          nicolae_vaults_closet_pinwheel_4, nicolae_vaults_six-pack,
          layout_vaults_omnibox, uniq_bai_suzhen
Vaults:3: nicolae_vaults_closet_pinwheel_6, nicolae_vaults_door_testing_chamber,
          v_pattern_3, nicolae_vaults_tetromino_Z_1, nicolae_vaults_alarming,
          grunt_vaults_diagonal, vaults_dpeg_ring, nicolae_vaults_house_1,
          layout_vaults_big_room
Vaults:4: vaults_room_hangedman_quadrants, v_misc_5,
          nicolae_vaults_tetromino_Z_2, nicolae_vaults_tangram_1, v_misc_5,
          hangedman_vaults_nails, nicolae_vaults_shrinking_rooms_1,
          nicolae_vaults_big_ls, vaults_room_grid,
          nicolae_vaults_closet_pinwheel_4, layout_vaults_omnicross,
          serial_shops, shop, uniq_margery
Vaults:5: uniq_frederick
Crypt:1:  cheibrodos_crypt_cold_storage, layout_rooms
Crypt:2:  layout_chaotic_city, roderic_lattice_octagonal_star,
          grunt_megastairs_3, uniq_xtahua, uniq_saint_roka
Crypt:3:  cryptofortress_bobbens
Tomb:1
Tomb:2
Depths:1: layout_cave_pools, hangedman_abyss_entry_splay, bh_walls_and_bars,
          grunt_hell_entry_dis_grunt, st_stairs_4
Depths:2: dreamdust_under_siege, layout_cave_pools, enter_ziggurat_c,
          hellmouth_1, hangedman_glass_teeth, pan_entry,
          nicolae_abyss_entry_one_way_or_another
Depths:3: four-leaf_vault, layout_cave_pools, abyss_entry_glasseish,
          nicolae_the_louvre, lightli_too_deep, serial_glass, glass_columns_c,
          glass_columns_a, minmay_staircase_bubble
Depths:4: evilmike_zot_entry_basic, layout_basic, serial_rivers,
          chequers_serial_rivers_micro_c, chequers_serial_rivers_room_a,
          chequers_serial_rivers_small_b, chequers_serial_rivers_large_b,
          hell_entry, nemelex_diamond_rough_becter, serial_bayou_shore_b,
          minmay_shoptagon, uniq_josephina
Hell
Dis:1:    layout_regular_city
Geh:1:    layout_gehenna_pools_box
Geh:2:    layout_gehenna_pools_triple
Geh:3:    layout_gehenna_pools_basic, lemuel_old_faithful
Geh:4:    layout_gehenna_lava_caves
Geh:5:    layout_gehenna_lava_caves
Geh:6:    layout_gehenna_pools_basic
Geh:7:    geh_hangedman
Coc:1:    layout_cocytus_delve
Coc:2:    layout_cocytus_delve
Coc:3:    layout_ice_bergs
Coc:4:    layout_cocytus_water_paths
Coc:5:    layout_cocytus_delve
Coc:6:    nicolae_coc_three_more_mouths, layout_cocytus_delve
Coc:7:    coc_hangedman
Tar:1:    nicolae_hells_demon_pit, layout_cathedral_of_symmetry, evilmike_ambush
          [evilmike_ambush_outer_corners, evilmike_ambush_inner_pond]
Tar:2:    layout_cathedral_of_symmetry, nicolae_tar_cuneiform_sun,
          nicolae_tar_honey_chapel
Tar:3:    layout_cathedral_of_symmetry
Tar:4:    minmay_shadows, layout_grid_maze
Tar:5:    layout_catacombs, nicolae_tar_cuneiform_heaven, lemuel_nasty_pond
Tar:6:    layout_grid_maze, nicolae_hells_seeping_fissure
Tar:7:    tar_grunt_cathedral
Zot:1:    layout_gridlike
Zot:2:    layout_twisted_circle
Zot:3:    layout_gridville
Zot:4:    layout_concentric_octagons, st_stairs_13
Zot:5:    layout_gridlike

Skill      XL: |  1  2  3  4  5  6  7  8  9 10 11 12 13 14 15 16 17 18 19 20 21 22 23 24 25 26 27 |
---------------+----------------------------------------------------------------------------------+-----
Hexes          | 1 2 3 4 5 6 7 8 |  8.2
Spellcasting   | 3 4 5 6 7 8 9 10 11 12 13 14 15 19 | 19.9
Conjurations   | 5 6 7 9 10 11 12 13 14 15 16 17 22 | 22.2
Polearms       | 2 7 |  7.0
Translocations | 2 |  2.0
Stealth        | 3 6 9 10 12 13 14 15 16 25 | 25.4
Fighting       | 1 3 5 7 8 9 10 11 12 13 14 15 21 | 21.3
Dodging        | 4 6 7 8 9 10 11 12 13 14 15 20 | 20.9
Ranged Weapons | 3 4 5 7 |  7.0
Air Magic      | 2 3 8 9 |  9.0
Shields        | 3 4 5 6 7 8 9 10 11 12 19 | 19.0
Evocations     | 2 5 12 | 12.1
Long Blades    | 3 10 13 14 15 16 20 | 20.0
Shapeshifting  | 4 7 8 10 14 15 16 24 | 24.5
Ice Magic      | 1 7 8 |  8.7
Summonings     | 2 4 7 8 9 10 13 | 13.5
Fire Magic     | 1 4 6 8 9 19 | 19.9
Earth Magic    | 7 |  7.2

Action                     |  1- 3 |  4- 6 |  7- 9 | 10-12 | 13-15 | 16-18 | 19-21 | 22-24 | 25-27 || total
---------------------------+-------+-------+-------+-------+-------+-------+-------+-------+-------++-------
  Melee: Unarmed           |     5 |       |       |       |       |       |       |       |       ||     5
         Whip              |    20 |     6 |       |       |       |       |       |       |       ||    26
         Constrict         |     5 |     3 |     8 |     8 |     1 |    59 |   108 |   140 |   427 ||   759
         Tentacles         |     4 |     3 |    11 |    10 |     1 |    79 |   239 |   354 |  1279 ||  1980
         Short sword       |       |       |     4 |    45 |     2 |       |       |       |       ||    51
         Spear             |       |       |    44 |     2 |       |       |       |       |       ||    46
         Punch             |       |       |     1 |       |       |     8 |    11 |    17 |    74 ||   111
         Double sword      |       |       |       |       |       |   289 |   671 |   928 |  3582 ||  5470
         Bite              |       |       |       |       |       |       |       |       |    85 ||    85
   Fire: Sling             |       |       |       |    87 |   400 |    96 |    39 |       |       ||   622
   Cast: Magic Dart        |    74 |   150 |   128 |    50 |    21 |     4 |    18 |     1 |       ||   446
         Searing Ray       |       |     4 |    17 |     9 |     5 |     1 |       |       |       ||    36
         Fulminant Prism   |       |       |    33 |   167 |   524 |   459 |   123 |    39 |    37 ||  1382
         Tukima's Dance    |       |       |     3 |     8 |     2 |     5 |     2 |     9 |     1 ||    30
         Blink             |       |       |       |     1 |     4 |    12 |     1 |     2 |     1 ||    21
         Mercury Vapours   |       |       |       |       |     3 |    78 |    46 |     3 |     1 ||   131
         Freezing Cloud    |       |       |       |       |       |    98 |   256 |   134 |   154 ||   642
         Ozocubu's Armour  |       |       |       |       |       |       |    23 |       |     2 ||    25
         Irradiate         |       |       |       |       |       |       |     6 |     9 |    25 ||    40
         Airstrike         |       |       |       |       |       |       |       |     9 |    37 ||    46
         Spellforged Servi |       |       |       |       |       |       |       |    23 |   488 ||   511
         Plasma Beam       |       |       |       |       |       |       |       |     1 |   302 ||   303
         Ignition          |       |       |       |       |       |       |       |       |   259 ||   259
         Lehudib's Crystal |       |       |       |       |       |       |       |       |    31 ||    31
 Invoke: Call Merchant     |       |       |       |     1 |     3 |     2 |     1 |     4 |     6 ||    17
         Bribe Branch      |       |       |       |       |       |       |       |     1 |     1 ||     2
         Potion Petition   |       |       |       |       |       |       |       |       |    18 ||    18
  Evoke: Wand              |       |       |       |       |     2 |     2 |     1 |       |    16 ||    21
         Horn of Geryon    |       |       |       |       |       |       |       |       |     1 ||     1
    Use: Scroll            |     3 |       |     5 |     2 |    10 |     9 |     2 |     3 |    28 ||    62
         Potion            |       |       |     6 |       |     1 |     1 |       |     2 |    16 ||    26
   Stab: Sleeping          |       |       |       |     1 |       |    15 |    26 |    17 |    23 ||    82
         Distracted        |       |       |       |       |       |     1 |     8 |    13 |   129 ||   151
         Petrifying        |       |       |       |       |       |       |       |       |     1 ||     1
         Petrified         |       |       |       |       |       |       |       |       |     1 ||     1
         Paralysed         |       |       |       |       |       |       |       |       |     1 ||     1
 Armour: Skin              |     5 |     1 |     2 |    12 |    26 |    36 |   145 |   586 |  1852 ||  2665
  Dodge: Dodged            |    22 |    18 |    96 |   219 |   440 |   469 |   836 |  1567 |  4612 ||  8279
  Block: Buckler           |       |       |       |       |    70 |   114 |   250 |   459 |   114 ||  1007
         Kite shield       |       |       |       |       |       |       |       |       |  1793 ||  1793
         Tower shield      |       |       |       |       |       |       |       |       |  3033 ||  3033
   Form: Beast             |       |     1 |       |       |       |       |       |       |       ||     1
                           |       |       |       |       |       |       |     2 |       |       ||     2
         Statue            |       |       |       |       |       |       |     2 |       |     2 ||     4
         Death             |       |       |       |       |       |       |       |       |     2 ||     2

Table legend: (Time is in decaauts)
 A = Elapsed time spent in this place.
 B = Non-inter-level travel time spent in this place.
 C = Inter-level travel time spent in this place.
 D = Time resting spent in this place.
 E = Time spent auto-exploring this place.
 F = Levels seen in this place.
 G = Mean time per level.
                   A        B        C        D        E       F      G
               +--------+--------+--------+--------+--------+-----+--------+
         Total | 135099 | 115678 |  19421 |  11725 |  41777 |  98 | 1378.6 |
       Dungeon |  27448 |  19448 |   8000 |   4696 |   8486 |  15 | 1829.9 |
        Temple |     31 |     18 |     13 |      0 |      0 |   1 |   31.0 |
          Lair |  13287 |  11318 |   1969 |   3083 |   5281 |   5 | 2657.4 |
        Shoals |   4914 |   4619 |    295 |     49 |   2028 |   4 | 1228.5 |
   Spider Nest |   5688 |   5198 |    490 |    125 |   2024 |   4 | 1422.0 |
    Slime Pits |   2045 |   1583 |    462 |     19 |      0 |   5 |  409.0 |
  Orcish Mines |   4295 |   3630 |    665 |    780 |   1089 |   2 | 2147.5 |
   Elven Halls |   5102 |   4492 |    610 |    120 |    807 |   3 | 1700.7 |
        Vaults |  11731 |  10086 |   1645 |    298 |   4938 |   5 | 2346.2 |
         Crypt |   5233 |   4480 |    753 |      0 |   1503 |   3 | 1744.3 |
          Tomb |   2238 |   1691 |    547 |      2 |    404 |   2 | 1119.0 |
        Depths |   8074 |   6636 |   1438 |     61 |   2913 |   4 | 2018.5 |
          Hell |   1906 |   1372 |    534 |    124 |    371 |   1 | 1906.0 |
           Dis |    486 |    459 |     27 |    150 |      0 |   1 |  486.0 |
       Gehenna |   5157 |   4650 |    507 |     60 |   1151 |   7 |  736.7 |
       Cocytus |   5634 |   5038 |    596 |    201 |   1247 |   7 |  804.9 |
      Tartarus |   4945 |   4662 |    283 |     66 |   1799 |   7 |  706.4 |
           Zot |   6841 |   6260 |    581 |     18 |   2700 |   5 | 1368.2 |
         Abyss |   2744 |   2744 |      0 |      0 |    105 |   5 |  548.8 |
   Pandemonium |  14071 |  14071 |      0 |     60 |   4441 |  10 | 1407.1 |
         Sewer |   1263 |   1263 |      0 |    602 |    397 |   1 | 1263.0 |
      Ice Cave |   1956 |   1956 |      0 |   1208 |     90 |   1 | 1956.0 |
               +--------+--------+--------+--------+--------+-----+--------+

Top non-repeatable levels by time:
     D:8: 4132 daAuts
  Lair:2: 3609 daAuts
  Lair:5: 3539 daAuts
     D:9: 2977 daAuts
Vaults:4: 2956 daAuts
 Crypt:3: 2944 daAuts
   Orc:2: 2759 daAuts
Depths:1: 2643 daAuts
Vaults:2: 2577 daAuts
   Coc:7: 2523 daAuts
  Lair:3: 2519 daAuts
   Geh:7: 2462 daAuts
   Elf:1: 2408 daAuts
  Lair:1: 2323 daAuts
Vaults:5: 2286 daAuts
